Cogmind - Beta 12 X1 @@@ ROGUE MODE // 2022.07.31 @ 01:52:38 Player: MTF Result: Destroyed by Architect with Modified Sigix Sheargun Performance ------------- Evolutions (9) 4500 Regions Visited (41) 8200 Robots Destroyed (905) 4525 Value Destroyed (50613) 50613 Prototype IDs (289) 5780 Alien Tech Used (11) 2200 Bonus (54704) 54704 TOTAL SCORE: 130522 Bonus ------- Triggered High Security 1000 High Alert Combat Kills 19817 Follower Combat Kills 2763 Entered Garrisons 600 Met Imprinter 300 Destroyed Z-Imprinter 1000 Triggered Deep Caves Wall 500 Exposed GOLEM Chamber 500 Met Zhirov 300 Met Warlord at Base 500 MAIN.C Attacked Warlord 500 Warlord Defense Kills 2428 A7 Reached Mainframe 300 Met R17 at Cetus 500 Used Core Reset Matrix 3000 Met Warlord at Research 2000 Scanned by Researcher 500 Destroyed MAIN.C Guards 500 Met MAIN.C 5000 Destroyed MAIN.C Shell 5000 Destroyed MAIN.C 10000 Met Warlord at Command 2000 Destroyed A8 300 Destroyed A6 400 Destroyed A5 500 Friendly Fire -5504 Cogmind --------- Core Integrity 0/1600 Matter 78/300 Energy 840/840 System Corruption 0% Temperature Cool (0) Movement Treading (147) Location -1/Access_0 Parts ------- > --- POWER (4) -------- Zero-point Reactor Vortex Chain Reactor > --- PROPULSION (6) --- Advanced Heavy Siege Treads Advanced Heavy Siege Treads Experimental Biometal Medium Treads Experimental Biometal Medium Treads > --- UTILITY (12) ----- Experimental Cooling System Huge Storage Unit Experimental Targeting Computer Experimental Targeting Computer Experimental Core Analyzer Experimental Core Analyzer Improved Armor Integrity Analyzer Matter Filter Advanced Weapon Cycler Heavy Regenerative Plating > --- WEAPON (3) ------- Heavy Quantum Rifle Heavy Quantum Rifle Heavy Quantum Rifle > --- INVENTORY (25) --- Experimental Energy Well (600) Experimental Energy Well (600) Experimental Energy Well (600) Experimental Matter Compressor (500) Experimental Matter Compressor (0) Experimental Core Analyzer Long-range Tractor Beam Cooled Nova Cannon Z-bomb Delivery System Peak State ------------ > --- POWER ------------ Zero-point Reactor Zero-point Reactor Vortex Chain Reactor > --- PROPULSION ------- Biometal Heavy Treads Experimental Biometal Heavy Treads Advanced Heavy Siege Treads > --- UTILITY ---------- Experimental Cooling System Huge Storage Unit Assembled Biocell Array Assembled Combat Suite Improved Armor Integrity Analyzer Improved Core Shielding Heavy Regenerative Plating Graphene Brace AEGIS Remote Shield Microwarp Drive > --- WEAPON ----------- Cooled Nova Cannon Sigix Broadsword > --- INVENTORY -------- Zero-point Reactor Biometal Heavy Treads Experimental Energy Well Experimental Energy Well Experimental Energy Well Experimental Matter Compressor Matter Filter Quantum Capacitor Advanced Weapon Cycler Advanced Focal Shield Experimental EM Disruption Field AEGIS Remote Shield Advanced Component Analysis Suite Long-range Tractor Beam High-powered Transdimensional Reconstructor Long-range Proton Cannon Linear Accelerator Linear Accelerator Graviton Cannon Z-bomb Delivery System Plasma Cutter Core Stripper [Rating: 257] Favorites ----------- Power Assembled Flux Generator Engine Cooled Deuterium Engine Power Core Light Nuclear Core Reactor Assembled Flux Generator Propulsion Light Treads Treads Light Treads Leg Assembled Alloy Leg Hover Unit Improved Gyrokinetic Inverter Utility Huge Storage Unit Device Quantum Capacitor Storage Huge Storage Unit Processor Advanced Targeting Computer Hackware System Shield Protection Assembled Alloy Armor Artifact Microwarp Drive Weapon Assembled Focal Cannon Energy Gun Heavy Quantum Rifle Energy Cannon Assembled Focal Cannon Ballistic Gun Improved Assault Rifle Ballistic Cannon Improved Light Cannon Launcher Heavy Rocket Launcher Special Weapon Plasma Cutter Impact Weapon Powered Hammer Slashing Weapon Sigix Broadsword Build | -11 -10 -10 -9 -9 -8 -8 -8 -7 -7 -7 -7 -7 -6 -6 -6 -6 -6 -6 -6 -5 -5 -5 -5 -4 -4 -4 -4 -4 -4 -4 -3 -3 -3 -2 -2 -2 -1 -1 -1 -1 -1 ------- Run | Scr Mat Min Mat Sto Mat Gar Mat Fac Low Low Zio Dee Pro Fac Ext Cet Arc Hub Gar Fac Upp Upp War Pro Fac Was Fac Upp Upp Zhi Pro Res Tes Res Qua Sec Acc Gar Acc Com Ac0 Slots Evolved 18 | . . . 2 . 2 . . 2 . . . . . 2 . . . . . 2 . . . . 2 . . . . . . 2 . 2 . . 2 . . . . Power 3 | . . . . . . . . 1 . . . . . . . . . . . . . . . . 1 . . . . . . . . . . . 1 . . . . Propulsion 4 | . . . 1 . 1 . . . . . . . . . . . . . . . . . . . . . . . . . . 2 . . . . . . . . . Utility 10 | . . . 1 . 1 . . 1 . . . . . 2 . . . . . 2 . . . . 1 . . . . . . . . 1 . . 1 . . . . Weapon 1 | . . . . . . . . . . . . . . . . . . . . . . . . . . . . . . . . . . 1 . . . . . . . Parts Attached 960 | 4 7 2 28 18 27 21 32 31 10 4 7 41 6 13 9 7 13 5 4 10 17 15 10 14 9 17 8 11 7 10 12 12 51 42 59 19 8 42 47 204 47 Power 55 | . . 1 6 1 . 2 3 4 . . 2 2 . . . . . . . . . . 1 . 1 2 1 . . 2 . 1 . 1 4 1 . 1 5 11 3 Engine 13 | . . . 6 1 . . . 4 . . 2 . . . . . . . . . . . . . . . . . . . . . . . . . . . . . . Core 7 | . . 1 . . . 2 3 . . . . . . . . . . . . . . . . . . . . . . . . . . . . . . 1 . . . Reactor 35 | . . . . . . . . . . . . 2 . . . . . . . . . . 1 . 1 2 1 . . 2 . 1 . 1 4 1 . . 5 11 3 Propulsion 107 | 2 . . 7 8 6 2 12 4 1 2 . 6 3 1 2 2 4 . . 1 . 1 . . 1 2 . . . . . 2 3 8 4 1 . . . 18 4 Treads 105 | 2 . . 7 8 6 2 12 4 1 2 . 6 3 1 2 2 4 . . 1 . 1 . . 1 2 . . . . . 2 3 8 4 1 . . . 16 4 Leg . | . . . . . . . . . . . . . . . . . . . . . . . . . . . . . . . . . . . . . . . . . . Wheel . | . . . . . . . . . . . . . . . . . . . . . . . . . . . . . . . . . . . . . . . . . . Hover 2 | . . . . . . . . . . . . . . . . . . . . . . . . . . . . . . . . . . . . . . . . 2 . Flight . | . . . . . . . . . . . . . . . . . . . . . . . . . . . . . . . . . . . . . . . . . . Utility 482 | 2 2 . 4 2 5 2 3 9 5 1 1 13 . 9 6 4 9 2 3 7 14 13 4 12 2 10 6 8 6 6 8 9 48 30 33 7 8 18 14 111 26 Device 346 | 2 . . . . 1 . 1 6 3 1 . 5 . 4 1 1 7 . . 5 14 11 1 5 1 6 4 8 6 4 8 7 41 28 31 4 3 16 11 77 23 Storage 17 | . 1 . 1 . . . . . . . . 1 . . 1 . . . . . . 1 1 1 . 1 1 . . 1 . . . . 1 . 1 2 . 3 . Processor 23 | . . . 1 . 2 1 . 1 . . . . . . . . . . . . . . . . . . . . . . . 1 . . . 1 2 . . 12 2 Hackware 4 | . . . . . . . . . . . . . . . 1 . . . . . . . . . . . . . . . . . . . . . 2 . . 1 . Protection 83 | . 1 . 2 2 2 1 2 2 2 . 1 7 . 5 3 3 2 2 3 2 . 1 2 6 1 3 1 . . 1 . 1 7 2 . 1 . . . 15 . Artifact 9 | . . . . . . . . . . . . . . . . . . . . . . . . . . . . . . . . . . . 1 1 . . 3 3 1 Weapon 316 | . 5 1 11 7 16 15 14 14 4 1 4 20 3 3 1 1 . 3 1 2 3 1 5 2 5 3 1 3 1 2 4 . . 3 18 10 . 23 28 64 14 Energy Gun 25 | . . . . . 1 . 5 5 . . 1 . . . . . . . . . . . . . . . . . . . . . . . . . . 1 . 3 9 Energy Cannon 124 | . . . . . . 1 . . . . 1 7 1 2 1 1 . 2 . 1 2 1 3 1 2 2 . 1 1 2 2 . . 3 12 8 . 15 17 34 1 Ballistic Gun 41 | . . . . 5 9 8 6 3 2 1 1 4 . . . . . . . . . . . . . . . . . . . . . . . . . . . 2 . Ballistic Cannon 17 | . 3 1 7 . . . . . . . . . . . . . . . . . . . . . . . . . . . . . . . . . . . . 6 . Launcher 76 | . 2 . 2 1 6 5 2 4 1 . . 4 2 . . . . 1 1 1 1 . 2 1 3 1 1 2 . . 2 . . . 3 . . 4 9 11 4 Special Weapon 4 | . . . . . . . 1 . . . . . . . . . . . . . . . . . . . . . . . . . . . . . . . . 3 . Impact Weapon 18 | . . . 2 1 . 1 . 2 1 . 1 5 . 1 . . . . . . . . . . . . . . . . . . . . 1 1 . 1 1 . . Slashing Weapon 11 | . . . . . . . . . . . . . . . . . . . . . . . . . . . . . . . . . . . 2 1 . 2 1 5 . Piercing Weapon . | . . . . . . . . . . . . . . . . . . . . . . . . . . . . . . . . . . . . . . . . . . Special Melee Weapon . | . . . . . . . . . . . . . . . . . . . . . . . . . . . . . . . . . . . . . . . . . . Unidentified Prototypes 47 | . . . 1 1 1 . 4 2 . . . 6 . . . 3 . . . . . . 4 . . . . . . 3 . . . 1 8 4 . . . 9 . Corrupted Parts 5 | . . . . . . . . . . . . . . . . 2 3 . . . . . . . . . . . . . . . . . . . . . . . . System Corruption 19 | . . . . . . . . . . . . . . . . 8 11 . . . . . . . . . . . . . . . . . . . . . . . . Parts Lost 66 | . . . 4 2 7 4 1 5 1 . . 10 4 . . . . 1 . . . . . 1 1 . 1 1 . . . 2 1 . 3 . . 1 1 . 15 Power 5 | . . . . . . 1 . . . . . 2 . . . . . . . . . . . . . . . . . . . . . . . . . . . . 2 Propulsion 22 | . . . . 1 4 2 1 2 1 . . 5 3 . . . . . . . . . . . . . . . . . . . . . . . . . . . 3 Utility 26 | . . . 1 . 2 1 . 2 . . . 3 . . . . . . . . . . . . . . 1 1 . . . 1 1 . 3 . . 1 . . 9 Weapon 13 | . . . 3 1 1 . . 1 . . . . 1 . . . . 1 . . . . . 1 1 . . . . . . 1 . . . . . . 1 . 1 Highest Loss Streak 6 | . . . 2 1 3 2 1 5 1 . . 6 3 . . . . 1 . . . . . 1 1 . 1 1 . . . 1 1 . 2 . . 1 1 . 4 To Critical Strikes 1 | . . . . 1 . . . . . . . . . . . . . . . . . . . . . . . . . . . . . . . . . . . . . Average Slot Usage (%) 78 | . 99 100 99 99 99 97 99 99 99 100 98 94 80 76 80 68 63 66 66 64 63 64 69 68 72 67 72 74 73 63 73 70 70 72 69 68 65 69 69 69 75 Engine 2 | . 14 1 9 11 9 1 . 9 15 15 15 9 . . . . . . . . . . . . . . . . . . . . . . . . . . . . . Reactor 5 | . . . . . . . . . . . . 2 7 6 6 6 5 6 6 5 5 5 4 5 9 8 10 10 10 9 10 9 8 8 8 8 8 8 7 9 8 Treads 17 | . 28 28 32 33 36 35 35 30 30 30 30 25 11 9 13 12 13 13 13 11 11 11 11 11 10 9 10 10 10 10 10 14 13 13 12 13 12 12 12 11 12 Leg 1 | . . . . . . . . . . . . 4 15 13 13 2 . . . . . . . . . . . . . . . . . . . . . . . . . Device 13 | . . . . . 5 . 3 6 6 7 6 6 7 13 13 13 17 13 13 16 16 16 17 20 21 20 20 22 21 21 21 18 18 20 19 20 19 19 24 20 17 Storage 9 | . 14 14 11 11 9 9 9 7 7 7 7 8 15 13 13 13 10 13 13 11 11 10 11 10 10 9 10 10 10 10 10 9 9 8 8 8 8 8 8 7 4 Processor 4 | . . . 10 11 12 18 14 15 15 15 15 8 7 . . . . . . . . . . . . . . . . . . 4 4 4 2 . 1 . . 3 17 Protection 7 | . 13 14 10 11 9 9 8 6 7 7 7 10 . 5 5 6 1 6 6 6 5 5 10 7 10 8 9 10 10 9 10 4 4 4 4 6 8 8 4 6 4 Energy Gun 1 | . . . . . . . 6 14 7 7 3 . . . . . . . . . . . . . . 1 . . . . . . . . . . . . . 2 11 Energy Cannon 6 | . . . . . . . . . . . 3 6 14 12 13 13 12 13 7 10 8 10 10 9 9 7 9 8 9 1 9 8 9 13 8 3 4 3 3 2 . Ballistic Gun 1 | . . . . 17 17 16 11 . 3 6 1 6 . . . . . . . . . . . . . . . . . . . . . . . . . . . . . Ballistic Cannon 1 | . 27 27 20 1 . . . . . . . . . . . . . . . . . . . . . . . . . . . . . . . . . . . . . Naked Turns . | . . . . . . . . . . . . . . . . . . . . . . . . . . . . . . . . . . . . . . . . . . Heaviest Build 235 | 14 56 56 102 101 103 103 96 113 116 112 120 152 152 157 157 156 156 169 156 172 172 172 165 166 189 193 193 206 199 193 206 195 194 213 232 227 205 222 235 233 214 Greatest Support 265 | 40 40 40 63 63 80 80 80 80 80 83 83 88 60 60 60 160 160 160 160 160 160 160 160 160 160 160 155 155 155 155 155 235 225 230 230 225 225 225 225 265 265 Greatest Overweight (x) 50 | . 1 1 2 1 1 1 1 1 1 1 1 2 2 5 5 2 50 1 . 1 1 1 1 1 1 2 1 1 1 1 1 . 1 1 1 1 . . 1 1 . Average Overweight (x) . | . . 1 . 1 1 1 1 1 1 1 1 1 2 2 2 . 3 . . 1 1 . . . 1 . 1 1 1 . 1 . . . . . . . . . . Largest Inventory Capacity 25 | 8 20 20 25 25 25 25 25 25 25 25 25 25 25 25 25 25 25 25 25 25 25 25 25 25 25 25 25 25 25 25 25 25 25 25 25 25 25 25 25 25 25 Average Capacity 24 | 8 12 20 23 25 25 25 25 25 25 25 25 25 25 25 25 25 25 25 25 25 25 24 25 22 25 23 25 25 25 25 25 25 25 25 25 25 25 25 25 25 25 Most Carried 25 | 6 12 13 24 25 25 25 25 25 25 25 25 25 25 25 25 25 25 25 25 25 25 25 25 25 25 25 25 23 23 25 24 24 25 25 25 25 25 25 25 25 25 Average Carried 23 | 2 8 12 20 24 23 22 24 24 22 25 24 22 23 22 24 24 24 24 24 24 24 23 24 21 23 22 23 22 21 23 23 23 24 24 24 24 24 23 23 23 22 Final Capacity 25 | 8 20 20 25 25 25 25 25 25 25 25 25 25 25 25 25 25 25 25 25 25 25 25 25 25 25 25 25 25 25 25 25 25 25 25 25 25 25 25 25 25 25 Final Carried 25 | 2 12 13 22 25 20 25 25 21 25 25 25 25 23 25 25 25 25 25 25 25 25 25 25 24 25 25 23 23 21 24 24 24 25 25 25 25 24 25 21 25 9 Class Distribution -------------------- 36% | Generator-Mutant 19% | Scavenger-Mutant 18% | Mutant 15% | Golem 3% | Generator-Gunner Dominant Class ---------------- Mutant | -10/Materials Mutant | -10/Mines Mutant | -9/Materials Scavenger-Mutant | -9/Storage Scavenger-Mutant | -8/Materials Scavenger-Mutant | -8/Garrison Scavenger-Mutant | -8/Materials Scavenger-Mutant | -7/Factory Scavenger-Mutant | -7/Lower Caves Scavenger-Mutant | -7/Lower Caves Scavenger-Mutant | -7/Zion Scavenger-Mutant | -7/Deep Caves Golem | -6/Proximity Caves Golem | -6/Factory Golem | -6/Extension Commander-Mutant | -6/Cetus Commander-Mutant | -6/Archives Mutant | -6/Hub_04(d) Golem | -6/Garrison Golem | -5/Factory Mutant | -5/Upper Caves Mutant | -5/Upper Caves Golem | -5/Warlord Golem | -4/Proximity Caves Generator-Golem | -4/Factory Generator-Mutant | -4/Waste Generator-Mutant | -4/Factory Generator-Mutant | -4/Upper Caves Generator-Mutant | -4/Upper Caves Generator-Mutant | -4/Zhirov Generator-Mutant | -3/Proximity Caves Generator-Mutant | -3/Research Generator-Mutant | -3/Testing Generator-Mutant | -2/Research Generator-Mutant | -2/Quarantine Generator-Mutant | -2/Section 7 Generator-Mutant | -1/Access Generator-Mutant | -1/Garrison Generator-Mutant | -1/Access Generator-Mutant | -1/Command Scavenger-Gunner | -1/Access_0 Resources | -11 -10 -10 -9 -9 -8 -8 -8 -7 -7 -7 -7 -7 -6 -6 -6 -6 -6 -6 -6 -5 -5 -5 -5 -4 -4 -4 -4 -4 -4 -4 -3 -3 -3 -2 -2 -2 -1 -1 -1 -1 -1 ----------- Run | Scr Mat Min Mat Sto Mat Gar Mat Fac Low Low Zio Dee Pro Fac Ext Cet Arc Hub Gar Fac Upp Upp War Pro Fac Was Fac Upp Upp Zhi Pro Res Tes Res Qua Sec Acc Gar Acc Com Ac0 Matter Collected 22672 | 268 318 93 1279 450 725 657 730 461 151 169 61 808 171 145 121 69 165 50 194 60 280 150 657 252 239 220 98 182 123 88 316 103 553 944 1321 160 . 1348 2699 4361 1433 Remotely 6779 | . . . . . . . . . . . . . . . . . . . . . . . . . . . . . . . . . . 510 683 . . 535 2009 2861 181 Salvage Created 45640 | 125 320 52 1654 1141 1420 978 1743 1022 199 129 . 3788 752 968 1308 304 324 1050 885 555 964 1046 997 828 2065 1689 1387 391 423 138 638 744 1665 1805 2752 1632 . 1788 1599 3630 742 Parts 1900 | 11 21 5 94 61 70 62 89 63 10 4 . 23 34 43 54 13 27 50 37 27 35 52 41 19 77 26 53 10 12 3 22 39 110 72 120 63 . 71 97 139 41 Haulers Intercepted 23 | . 2 . 5 3 2 . 4 1 . . . . . 2 . . . . . 2 . . . . 1 . 1 . . . . . . . . . . . . . . Recyclers Shooed 9 | 1 1 . 1 1 2 . 1 . . . . . . . . . . . . . . . . . . . 1 . . . . 1 . . . . . . . . . Parts Field Recycled . | . . . . . . . . . . . . . . . . . . . . . . . . . . . . . . . . . . . . . . . . . . Retrieved Matter . | . . . . . . . . . . . . . . . . . . . . . . . . . . . . . . . . . . . . . . . . . . Parts Self-Destructed 154 | . . . . . . . . . 5 4 . . 32 . . . . . . . 29 36 . 18 . . . 10 10 2 8 . . . . . . . . . . Prevented 11 | . . . . . . . . . . . . . . . . . . . . . . . . . . . . . 2 . 9 . . . . . . . . . . Kills | -11 -10 -10 -9 -9 -8 -8 -8 -7 -7 -7 -7 -7 -6 -6 -6 -6 -6 -6 -6 -5 -5 -5 -5 -4 -4 -4 -4 -4 -4 -4 -3 -3 -3 -2 -2 -2 -1 -1 -1 -1 -1 ------- Run | Scr Mat Min Mat Sto Mat Gar Mat Fac Low Low Zio Dee Pro Fac Ext Cet Arc Hub Gar Fac Upp Upp War Pro Fac Was Fac Upp Upp Zhi Pro Res Tes Res Qua Sec Acc Gar Acc Com Ac0 Combat Hostiles Destroyed 823 | . 8 2 38 14 26 27 23 23 4 . . 75 16 8 21 3 1 17 21 5 16 19 20 11 32 6 20 7 8 . 14 8 25 20 37 18 . 48 87 76 19 Melee 7 | . . . . . . . . . . . . 7 . . . . . . . . . . . . . . . . . . . . . . . . . . . . . Guns 89 | . . . . 13 14 13 21 13 1 . . 4 . . . . . . . . . . . . . . . . . . . . . . . . . . . . 10 Cannons 335 | . 6 1 36 . . . . . . . . 1 12 8 19 . 1 17 13 4 11 19 11 7 19 6 14 4 7 . 3 8 25 11 15 8 . 17 17 15 . AOE 292 | . 2 1 2 1 12 14 2 9 3 . . 39 4 . . . . . 8 . 5 . 9 4 11 . 2 3 . . 9 . . . 8 . . 21 62 53 8 Classes Destroyed 39 | 2 5 . 4 . 3 2 . . 1 1 . 4 1 . . . . 1 . . 1 1 3 . . 1 1 . . . . . 1 1 3 . . 1 1 1 . Worker 28 | . 1 . 5 . 4 . 2 5 . . . . . . . . . . . . . . . . 1 . . . . . . 1 . . 2 . . . 1 6 . Builder 17 | . . . 1 . . . . 1 . . . . . . 1 . . . . . . . . . . . 1 . . . . . 1 . 4 . . . 8 . . Tunneler 5 | 2 . . 1 . . . . 1 . . . . . . . . . . . . . . . . . . . . . . . . . 1 . . . . . . . Hauler 23 | . 2 . 5 3 2 . 4 1 . . . . . 2 . . . . . 2 . . . . 1 . 1 . . . . . . . . . . . . . . Recycler 21 | 1 1 . 4 5 2 . 2 2 . . . . . 2 . . . . . . . . . . 1 . . . . . . . . . . . . . . 1 . Carrier 3 | . . . . . . . . . . . . . . . . . . . . . . . . . . . . . . . . . . . . . . . 2 1 . Minesweeper 1 | . . . . . . . . . . 1 . . . . . . . . . . . . . . . . . . . . . . . . . . . . . . . Mechanic 15 | . . . 2 . . . . 2 . . . . 1 . . . . . . . . . . . 1 . . . . . . . . . . . . . 3 6 . Operator 16 | . . . . . 1 . . . . . . . . . 1 . 8 . . 1 . . . . . . . . . . . . 1 . 1 . . . . 3 . Watcher 26 | . 2 . 4 . 2 . 3 . . . . . . . 1 . . . . . . . . . 1 . 1 . . . . 3 3 3 1 . . . 2 . . Swarmer 89 | . 3 . 4 . . 7 . 5 3 . . . 3 . 5 . . . 6 . 5 3 . 3 4 . . . 4 . 5 . 9 . 1 . . 13 6 . . Cutter 4 | . . . . . . . . . . . . . . . . . . . . . . . . . . . . . . . . . . . . . . 4 . . . Saboteur 9 | . . . . . . . . . . . . . . . . . . . . . . . . . . . 1 . . . . . . . . . . . 7 1 . Grunt 301 | . 5 2 22 7 19 13 10 14 . . . . 7 3 6 . . 11 8 . 8 8 10 7 14 . 7 5 1 . 4 . 3 10 16 5 . 19 35 22 . Brawler 31 | . . . . . 3 1 3 1 . . . . 1 1 . . . . . . 1 . 1 . 2 . 1 . . . 1 . . 1 3 2 . . 5 4 . Duelist 31 | . . . 3 . . . . . . . . . 2 . . . . . . . 1 . 1 . 3 . 1 1 1 . 1 . 1 . 2 . . 1 8 5 . Protector 14 | . . . . . . . . . . . . . . . . . . . . . . . 3 . 1 . . . . . . . . . 1 1 . . 3 5 . Researcher 1 | . . . . . . . . . . . . . . . . . . . . . . . . . . . . . . . . . 1 . . . . . . . . Sentry 76 | . . . 9 7 2 4 6 1 1 . . . 2 1 7 . 1 4 4 2 1 . . 1 3 . . 1 2 . 1 2 3 4 . 3 . 1 1 2 . Demolisher 1 | . . . . . . . . . . . . . . . . . . . . . . . 1 . . . . . . . . . . . . . . . . . . Specialist 3 | . . . . . . 1 2 . . . . . . . . . . . . . . . . . . . . . . . . . . . . . . . . . . Hunter 50 | . . . . . 2 . 2 . . . . . . . 2 . . . 2 2 . 4 1 . 4 . 4 . . . 2 2 . . 4 1 . 6 9 3 . Programmer 59 | . . . . . . 1 . 2 . . . . . 3 . . . 1 . 1 . . 1 . . . 5 . . . . 4 8 1 5 4 . 1 6 16 . Heavy 6 | . . . . . . . . . . . . . . . . . . 1 . . . . . . 1 . . . . . . . . . . 1 . . 2 1 . Q-Series 3 | . . . . . . . . . . . . . . . . . . . . . . . . . . . . . . . . . . . 3 . . . . . . Behemoth 9 | . . . . . . . . . . . . . 1 . 1 . . . 1 . . . 1 . . . 1 . . . . . . . . . . 3 . 1 . Compactor 6 | . . . . . . . . . . . . . . . . . . . . . . . . . . 6 . . . . . . . . . . . . . . . Cetus Guard 3 | . . . . . . . . . . . . . . . . 3 . . . . . . . . . . . . . . . . . . . . . . . . . S7 Guard 1 | . . . . . . . . . . . . . . . . . . . . . . . . . . . . . . . . . . . . 1 . . . . . M Guard 2 | . . . . . . . . . . . . . . . . . . . . . . . . . . . . . . . . . . . . . . . . 2 . Enhanced Grunt 15 | . . . . . . . . . . . . 1 . . . . . . . . . . . . . . . . . . . . . . . . . . . . 14 Enhanced Hunter 2 | . . . . . . . . . . . . . . . . . . . . . . . . . . . . . . . . . . . . . . . . . 2 Combat Programmer 2 | . . . . . . . . . . . . . . . . . . . . . . . . . . . . . . . . . . . . . . . . 2 . Investigator 1 | . . . . . . . . . . . . . . . . . . . . . . . . . . . . . . . . . . . . . . . 1 . . Striker 10 | . . . . . . . . . . . . . . . . . . . . . . . . . . . . . . . . . . 2 . . . . 4 4 . Executioner 9 | . . . . . . . . . . . . . . . . . . . . . . . 1 . . . . . . . . . . 2 . . . . 1 5 . Alpha 7 1 | . . . . . . . . . . . . . . . . . . . . . . . . . . . . . . . . . . . 1 . . . . . . Fortress 1 | . . . . . . . . . . . . . . . . . . . . . . . . . . . . . . . . . . . 1 . . . . . . Protovariant L 1 | . . . . . . . . . . . . . . . . . . . . . . . . . . . . . . . . . 1 . . . . . . . . Z-Light 2 | . . . . . . . . . . . . 2 . . . . . . . . . . . . . . . . . . . . . . . . . . . . . Decomposer 1 | . . . . . . . . . 1 . . . . . . . . . . . . . . . . . . . . . . . . . . . . . . . . Packrat 3 | . . . . . . . . . . . . . . . . . . . . . . . . 3 . . . . . . . . . . . . . . . . . Samaritan 4 | . . . . . . . . . 2 2 . . . . . . . . . . . . . . . . . . . . . . . . . . . . . . . Assembler 2 | . . . . . . . . . . . . 2 . . . . . . . . . . . . . . . . . . . . . . . . . . . . . Assembled 42 | . . . . . . . . . . . . 42 . . . . . . . . . . . . . . . . . . . . . . . . . . . . . Golem 31 | . . . . . . . . . . . . 31 . . . . . . . . . . . . . . . . . . . . . . . . . . . . . Thug 4 | . . . . . . . . . . . . 1 . . 1 . . . . . 1 1 . . . . . . . . . . . . . . . . . . . Savage 1 | . . . . . . . . . . . . . . 1 . . . . . . . . . . . . . . . . . . . . . . . . . . . Butcher 1 | . . . . . . . . . . . . . . . . . . . . . 1 . . . . . . . . . . . . . . . . . . . . Martyr 2 | . . . . . . . . . . . . . . . . . . . . . . . . . . 2 . . . . . . . . . . . . . . . Fireman 3 | . . . . . . . . . . . . . . . . . . . . . . 3 . . . . . . . . . . . . . . . . . . . Mutant 1 | . . . . . . . . . . . . . . . . . . . . . 1 . . . . . . . . . . . . . . . . . . . . Troll 1 | . . . . . . . . . . . . . . . . . . . . . . . . . . . . . . . . . . . . . . . . 1 . Best Kill Streak 49 | 2 5 1 9 5 9 5 5 15 3 1 . 41 13 4 3 2 3 3 8 3 5 4 6 5 9 2 6 4 4 . 9 4 5 6 10 5 . 16 49 31 3 Combat Bots Only 39 | . 4 1 6 4 6 5 4 6 3 . . 39 12 2 3 2 1 3 8 2 5 4 6 5 8 2 5 4 4 . 9 4 5 6 7 5 . 16 38 28 3 Max Kills in Single Turn 11 | 1 2 1 2 2 3 3 1 7 3 1 . 11 1 1 1 1 1 1 2 1 3 1 3 3 3 1 1 2 1 . 2 1 1 1 3 1 . 5 7 5 2 Gunslinging . | . . . . . . . . . . . . . . . . . . . . . . . . . . . . . . . . . . . . . . . . . . Exploded 11 | . 2 1 1 1 2 3 1 3 3 . . 11 1 . . . . . 2 . 2 . 3 3 3 . 1 2 . . 2 . . . 3 . . 5 7 5 2 Melee 1 | . . . . . . . . . . . . 1 . . . . . . . . . . . . . . . . . . . . . . . . . . . . . Uniques/NPCs Destroyed 8 | . . . . . . . . . . . . 1 . . . 1 . . . . . . . . . . . . . . . . . . . . . . . 3 3 Z-Imprinter (-7/Deep Caves) A7 (-6/Cetus) Warlord (-1/Command) MAIN.C Shell (-1/Command) MAIN.C (-1/Command) A8 (-1/Access_0) A6 (-1/Access_0) A5 (-1/Access_0) Combat | -11 -10 -10 -9 -9 -8 -8 -8 -7 -7 -7 -7 -7 -6 -6 -6 -6 -6 -6 -6 -5 -5 -5 -5 -4 -4 -4 -4 -4 -4 -4 -3 -3 -3 -2 -2 -2 -1 -1 -1 -1 -1 -------- Run | Scr Mat Min Mat Sto Mat Gar Mat Fac Low Low Zio Dee Pro Fac Ext Cet Arc Hub Gar Fac Upp Upp War Pro Fac Was Fac Upp Upp Zhi Pro Res Tes Res Qua Sec Acc Gar Acc Com Ac0 Damage Taken 42778 | . 227 85 1473 924 1238 614 1057 1316 120 . . 2262 1365 362 1228 27 26 951 865 359 301 674 989 684 1312 . 771 267 74 . 292 385 2224 532 2272 1055 . 2260 2834 3798 7555 Core 3795 | . 14 15 214 107 125 9 91 98 24 . . 329 121 37 51 . . 127 85 18 17 35 62 100 85 . 41 79 . . 35 22 203 14 172 258 . 73 204 139 791 Absorbed by Shields 16518 | . . . . . . 11 . . . . . . . . 37 25 . . 61 114 114 252 . . . . . 202 9 . 134 35 132 306 1604 881 . 2047 2575 3690 4289 Reduced by Siege Mode 1519 | . . . . . . . . . . . . . . . . . . 10 16 6 10 14 . 40 18 . 63 24 . . 22 25 103 28 198 21 . 187 168 407 159 Redirected to Shielding 141 | . . . . . . . . . . . . 137 . . . . . . . . . . . . . . . . . . . . . . . . . . . 4 . Regen/Repaired (Parts) 9592 | . . . 78 . . . 197 58 . . . . . . . . . . . . . . 250 . . 887 450 . . . . . . . 199 742 . 1041 3166 1632 892 Core Remaining (%) 64 | 100 . 88 . 19 . . 59 . . . . . 18 . . . . . 64 . . . . 76 . . . . . . 79 . 82 . . 61 . . . . . Volleys Fired 3465 | 7 41 5 122 46 89 52 98 53 15 10 . 116 37 67 120 27 42 76 80 44 27 76 98 49 112 71 92 44 50 14 45 63 200 211 218 99 7 97 146 460 139 Largest 3 | 2 2 2 2 2 2 2 2 2 2 2 . 2 2 1 1 1 1 1 1 1 1 1 1 1 1 1 1 1 1 1 1 2 1 1 1 1 1 1 1 3 3 Hottest 240 | 40 78 78 78 46 46 63 122 122 89 89 . 138 94 69 69 69 25 25 69 69 39 25 81 81 81 88 88 39 88 88 88 50 25 94 94 150 50 150 150 240 240 Shots Fired 4384 | 14 79 9 241 90 165 88 187 99 18 16 . 196 68 67 120 27 44 76 80 44 28 76 100 49 112 71 92 47 50 14 46 64 200 211 218 99 7 97 146 548 381 Gun 1119 | 14 . . . 88 152 77 178 93 17 16 . 34 . . . . . . . . . . . . . . . . . . . . . . . . . . . 84 366 Cannon 2943 | . 76 8 237 . . 1 . . . . . 142 59 67 120 27 44 76 69 44 23 76 95 44 100 71 90 42 50 14 38 64 200 211 211 99 7 90 111 334 3 Launcher 217 | . 3 1 4 2 13 10 3 6 1 . . 20 9 . . . . . 11 . 5 . 5 5 12 . 2 5 . . 8 . . . 7 . . 7 35 31 12 Special 105 | . . . . . . . 6 . . . . . . . . . . . . . . . . . . . . . . . . . . . . . . . . 99 . Kinetic 856 | 14 76 8 237 88 152 77 110 7 3 6 . 34 . . . . . . . . . . . . . . . . . . . . . . . . . . . 44 . Thermal 2639 | . . . . . . . 74 86 14 10 . 9 56 57 107 13 42 76 62 40 23 76 70 40 68 70 69 41 44 . 23 64 200 172 111 49 7 29 73 398 366 Explosive 217 | . 3 1 4 2 13 10 3 6 1 . . 20 9 . . . . . 11 . 5 . 5 5 12 . 2 5 . . 8 . . . 7 . . 7 35 31 12 Electromagnetic 672 | . . . . . . 1 . . . . . 133 3 10 13 14 2 . 7 4 . . 25 4 32 1 21 1 6 14 15 . . 39 100 50 . 61 38 75 3 Robot Hit Streak 46 | 3 10 2 15 36 43 15 36 18 14 15 . 32 14 9 16 7 3 19 18 17 13 32 28 14 14 40 26 6 10 2 14 20 16 22 23 16 . 22 23 46 34 Robot Miss Streak 6 | 1 3 1 4 1 2 2 3 4 1 1 . 4 1 2 2 2 6 3 1 1 1 1 2 2 2 1 2 1 1 1 1 1 4 2 2 3 . 2 2 2 4 Penetration Max . | . . . . . . . . . . . . . . . . . . . . . . . . . . . . . . . . . . . . . . . . . . Secondary Targets 8 | . . . . 2 . 1 1 . . . . . . . . . . . . . . . . . . . . . . . . . . . . . . . . . 4 Max Gunslinging Chain 1 | . . . . 1 . 1 1 . . . . . . . . . . . . . . . . . . . . . . . . . . . . . . . . . 1 Capacitor 2026 | . . . . . . . . . . . . . . 67 120 27 20 76 69 44 23 76 95 44 100 71 90 38 50 14 38 62 200 197 159 . . 6 102 238 . Shots Hit Robots 2954 | 9 39 4 150 79 131 67 139 67 15 14 . 191 40 40 93 19 21 54 56 28 22 51 67 38 83 66 66 16 19 2 21 42 114 67 137 59 . 85 115 342 286 Core Hits 1837 | 4 14 3 71 34 81 51 62 58 10 6 . 189 30 16 31 8 11 22 40 12 30 28 67 23 89 18 34 19 9 2 36 20 48 33 64 21 . 56 114 209 164 Critical Kills 10 | . . . . . 1 . . . . . . 5 . . . . . . . . . . . . . . . . . . . . . . . . . 2 1 1 . Critical Parts Destroyed 9 | . . . 1 1 . 1 . . . . . 6 . . . . . . . . . . . . . . . . . . . . . . . . . . . . . Critical Strikes 49 | . . . 7 1 1 1 3 5 1 2 . 17 . . . 1 . . . . . . 1 . . . 1 . . . . . . . 3 . . 3 1 1 . Burn 10 | . . . . . . . 2 5 1 2 . . . . . . . . . . . . . . . . . . . . . . . . . . . . . . . Meltdown 4 | . . . . . . . . . . . . . . . . . . . . . . . . . . . . . . . . . . . . . . 2 1 1 . Destroy 3 | . . . . 1 1 1 . . . . . . . . . . . . . . . . . . . . . . . . . . . . . . . . . . . Blast 6 | . . . 6 . . . . . . . . . . . . . . . . . . . . . . . . . . . . . . . . . . . . . . Corrupt 13 | . . . . . . . . . . . . 6 . . . 1 . . . . . . 1 . . . 1 . . . . . . . 3 . . 1 . . . Smash 12 | . . . 1 . . . . . . . . 11 . . . . . . . . . . . . . . . . . . . . . . . . . . . . . Sever 1 | . . . . . . . 1 . . . . . . . . . . . . . . . . . . . . . . . . . . . . . . . . . . Melee Attacks 99 | . . . 4 4 . 1 . 9 4 . 2 43 . 1 . . . . . . . . . . . . . . . . . . . . 2 3 . 10 7 9 . Kinetic 8 | . . . . . . . . . . . . . . . . . . . . . . . . . . . . . . . . . . . 1 3 . 4 . . . Impact 68 | . . . 4 4 . 1 . 9 4 . 2 43 . 1 . . . . . . . . . . . . . . . . . . . . . . . . . . . Slashing 23 | . . . . . . . . . . . . . . . . . . . . . . . . . . . . . . . . . . . 1 . . 6 7 9 . Piercing . | . . . . . . . . . . . . . . . . . . . . . . . . . . . . . . . . . . . . . . . . . . Sneak Attacks 9 | . . . 1 1 . . . . . . . 1 . 1 . . . . . . . . . . . . . . . . . . . . . 1 . 1 2 1 . Combat Hostiles 2 | . . . . . . . . . . . . . . . . . . . . . . . . . . . . . . . . . . . . 1 . 1 . . . Follow-up Attacks . | . . . . . . . . . . . . . . . . . . . . . . . . . . . . . . . . . . . . . . . . . . Damage Inflicted 174147 | 93 1073 131 3980 1599 3289 1834 2601 2808 458 284 . 9583 2619 1849 4254 699 1216 2484 3286 1273 1540 1957 4308 2178 6091 2994 3967 1502 821 76 2199 2064 5442 3162 8167 2749 . 9808 23448 29238 17023 Guns 21853 | 93 . . . 1167 1952 935 2239 1300 303 284 . 493 . . . . . . . . . . . . . . . . . . . . . . . . . . . 810 12277 Cannons 76667 | . 932 86 3385 . . . . . . . . 3008 1399 1772 4146 699 1216 2484 2088 1273 962 1957 2779 1522 3060 2994 3000 944 821 76 593 2004 5432 3160 5276 2639 . 3593 4327 8920 120 Explosions 70892 | . 134 30 393 296 1326 899 269 1501 155 . . 3937 1220 . 96 . . . 1190 . 578 . 1529 656 3028 . 967 558 . . 1606 . . . 2891 . . 5937 18789 18281 4626 Melee 3219 | . . . 75 108 . . . . . . . 2117 . 58 . . . . . . . . . . . . . . . . . . . . . 110 . 278 332 141 . Ramming 399 | . 7 15 127 28 11 . 29 7 . . . 28 . 19 12 . . . 8 . . . . . 3 . . . . . . 60 10 2 . . . . . 33 . Kinetic 12362 | 93 932 86 3385 1167 1952 935 1219 110 23 104 . 493 . . . . . . . . . . . . . . . . . . . . . . . 110 . 170 . 1583 . Thermal 71686 | . . . . . . . 1084 1611 280 180 . 338 1323 1563 3968 373 1185 2484 1903 1185 962 1957 2241 1350 2393 2994 2267 944 726 . 249 2004 5432 1893 2206 1283 . 1900 3047 8084 12277 Explosive 69629 | . 134 30 393 296 1326 899 269 1080 155 . . 3881 1220 . . . . . 1190 . 578 . 1529 656 2885 . 967 558 . . 1531 . . . 2742 . . 5614 18789 18281 4626 Electromagnetic 17132 | . . . . . . . . . . . . 2726 76 209 274 326 31 . 185 88 . . 538 172 810 . 733 . 95 76 419 . . 1267 3219 1356 . 2016 1280 1116 120 Impact 2358 | . . . 75 108 . . . . . . . 2117 . 58 . . . . . . . . . . . . . . . . . . . . . . . . . . . Slashing 581 | . . . . . . . . . . . . . . . . . . . . . . . . . . . . . . . . . . . . . . 108 332 141 . Piercing . | . . . . . . . . . . . . . . . . . . . . . . . . . . . . . . . . . . . . . . . . . . Highest Corruption 12 | . . . . 1 . . . 10 10 5 5 4 9 2 2 10 10 . . 5 5 . 2 2 . . 2 2 2 2 2 3 12 . 3 3 . . . . . Average Corruption 3 | . . . . 1 . . . 7 9 5 5 4 6 1 2 8 4 . . 4 3 . 1 2 . . 1 2 2 2 2 2 6 . 2 3 . . . . . Corruption Purged 31 | . . . . . . . . . 5 . . . . . . . 21 . . . 5 . . . . . . . . . . . . . . . . . . . . Corruption Blocked 33 | . . . . . . . . . . . . . . . . . . . . . . . . . . . . . . . . . . 33 . . . . . . . Effects 437 | . . . . 4 . . . 38 44 14 2 45 38 5 36 11 7 . . 8 3 . 7 13 . . 8 13 14 8 22 4 66 . 13 14 . . . . . Message Errors 108 | . . . . . . . . 13 8 1 . 16 8 1 11 1 3 . . 3 1 . 2 5 . . . 4 1 1 6 1 16 . 2 4 . . . . . Matter Fused 95 | . . . . 3 . . . 12 13 6 . 7 6 1 5 3 2 . . . . . 2 1 . . 2 4 2 4 5 . 12 . 4 1 . . . . . Heat Flow Errors 64 | . . . . . . . . 3 4 3 . 10 6 1 8 . . . . 3 1 . 1 1 . . 2 1 3 2 3 . 7 . . 5 . . . . . Energy Discharges 55 | . . . . . . . . 4 8 1 . 3 6 1 4 3 . . . . . . . 3 . . 2 . 2 . 4 . 11 . 2 1 . . . . . Parts Rejected 3 | . . . . . . . . . . . . 2 1 . . . . . . . . . . . . . . . . . . . . . . . . . . . . Data Loss (minor) 47 | . . . . . . . . 4 7 1 2 4 5 1 3 2 . . . . . . . 1 . . 2 . 3 . 3 1 5 . 2 1 . . . . . Data Loss (major) 24 | . . . . . . . . 1 3 1 . 1 1 . 1 1 . . . 2 . . . . . . . 1 2 . . . 8 . 1 1 . . . . . Misfires 23 | . . . . 1 . . . . . . . 1 4 . 2 . 2 . . . 1 . 2 1 . . . 3 . . 1 1 3 . 1 . . . . . . Alerts 7 | . . . . . . . . . 1 1 . . . . . 1 . . . . . . . . . . . . 1 1 . . 1 . . 1 . . . . . Weapon Failures 11 | . . . . . . . . 1 . . . 1 1 . 2 . . . . . . . . 1 . . . . . . . 1 3 . 1 . . . . . . Overload Shots 37 | . . . . . . . . . . . . . . . . . . . . . . . . . . . . . . . . . . . . 6 . 8 12 11 . Effects 2 | . . . . . . . . . . . . . . . . . . . . . . . . . . . . . . . . . . . . . . . 1 1 . Heat Surge 1 | . . . . . . . . . . . . . . . . . . . . . . . . . . . . . . . . . . . . . . . . 1 . Short Circuit 1 | . . . . . . . . . . . . . . . . . . . . . . . . . . . . . . . . . . . . . . . 1 . . Overflow Damage 8631 | . 64 . 160 29 7 4 6 41 . . . 642 59 54 83 . 115 49 31 33 39 63 116 91 84 28 109 73 40 . 48 88 354 . 266 83 . 594 2198 2388 592 Projectiles 2024 | . 59 . 85 . . . . . . . . 2 59 50 83 . 115 49 24 33 39 63 77 73 51 28 38 69 40 . 17 88 354 . 31 83 . . 132 282 . Explosions 5923 | . 5 . . 29 7 4 . 41 . . . 220 . . . . . . 7 . . . 39 18 33 . 71 4 . . 31 . . . 235 . . 517 1964 2106 592 Melee 684 | . . . 75 . . . 6 . . . . 420 . 4 . . . . . . . . . . . . . . . . . . . . . . . 77 102 . . Knockbacks 57 | . 5 1 29 . . . . . . . . 11 . 1 . . . . . . . . . . . . . . . . . 1 . . . . . . . 9 . Impact 15 | . . . 1 . . . . . . . . 11 . 1 . . . . . . . . . . . . . . . . . 1 . . . . . . . 1 . Kinetic 37 | . 5 1 24 . . . . . . . . . . . . . . . . . . . . . . . . . . . . . . . . . . . . 7 . Secondary 5 | . . . 4 . . . . . . . . . . . . . . . . . . . . . . . . . . . . . . . . . . . . 1 . Self-Inflicted Damage 1274 | . . . . . 22 71 . 40 . . . 177 202 . 49 . . . 51 . 50 . . . 103 . 16 83 . . 30 . . . . . . . 170 210 . Shots 32 | . . . . . 1 2 . 1 . . . 4 9 . 1 . . . 2 . 2 . . . 4 . 1 2 . . 1 . . . . . . . 1 1 . Rammed 43 | . 2 5 12 5 3 . 3 2 . . . 4 . . . . . . 1 . . . . . 1 . . . . . . 2 1 1 . . . . . 1 . Targets Rammed 53 | . 2 5 14 5 5 . 3 3 . . . 5 . 1 2 . . . 1 . . . . . 1 . . . . . . 3 1 1 . . . . . 1 . Kicked 3 | . . . . . . . . . . . . . . 1 2 . . . . . . . . . . . . . . . . . . . . . . . . . . Crushed 7 | . . . 2 . 2 . . 1 . . . 1 . . . . . . . . . . . . . . . . . . . 1 . . . . . . . . . Highest Temperature 368 | . 180 135 333 15 96 30 41 273 266 189 . 263 238 230 250 291 22 30 176 249 231 71 228 110 237 66 246 234 354 200 265 . 241 263 64 195 . 60 315 368 60 Average Temperature 63 | . 41 69 73 5 12 9 9 72 66 51 . 88 80 94 70 101 11 10 34 100 65 31 67 29 81 41 87 64 77 92 129 . 93 88 22 89 . 34 106 78 11 Received Heat Transfer 6035 | . 90 45 609 315 702 240 342 360 36 . . 223 234 63 342 4 . 240 204 20 37 176 123 165 286 . 120 91 41 . 24 27 94 28 161 100 . 140 132 221 . Effects 3 | . . . . . . . . . . . . 2 1 . . . . . . . . . . . . . . . . . . . . . . . . . . . . Energy Bleed 1 | . . . . . . . . . . . . . 1 . . . . . . . . . . . . . . . . . . . . . . . . . . . . Interference 2 | . . . . . . . . . . . . 2 . . . . . . . . . . . . . . . . . . . . . . . . . . . . . Siege Activations 81 | . . . . . . . . . . . . . . . . . . 1 1 1 2 5 . 3 6 . 3 1 5 . 2 4 3 3 6 3 . 11 7 7 7 Total Turns 2223 | . . . . . . . . . . . . . . . . . . 16 28 4 8 51 . 29 43 . 28 19 61 . 18 40 44 32 162 47 . 168 154 1179 92 Longest Duration 956 | . . . . . . . . . . . . . . . . . . 16 28 4 4 14 . 16 15 . 15 19 27 . 14 18 22 23 57 26 . 78 79 956 23 Robots Corrupted 88 | . . . . . . . . . . . . 20 . . 2 3 . . . 1 . . . . 2 . 4 . 1 . 2 . . 9 13 8 . 7 7 8 1 Combat Hostiles 88 | . . . . . . . . . . . . 20 . . 2 3 . . . 1 . . . . 2 . 4 . 1 . 2 . . 9 13 8 . 7 7 8 1 Parts Fried 121 | . . . 1 . . . 2 . . . . 1 . 1 3 2 . . 3 2 . . . 1 5 . 9 . 1 . 2 . 4 17 20 11 . 16 5 11 4 Impact Corruptions 18 | . . . 3 . . . 1 . . . . 13 . 1 . . . . . . . . . . . . . . . . . . . . . . . . . . . Robots Melted 6 | . . . . . . . . 1 . . . . . . . . . . . . . . . . . . . . . . . . . . . 1 . 2 1 1 . Combat Hostiles 5 | . . . . . . . . 1 . . . . . . . . . . . . . . . . . . . . . . . . . . . 1 . 2 1 . . Parts Melted 66 | . . . . . . . 2 5 2 1 . 2 1 1 4 . . 1 5 4 . . 4 2 2 . 1 . . . . 1 . 3 1 4 . 2 8 10 . Heat Transferred 43569 | . . . . . . . 2257 2966 592 481 . 200 700 825 2200 122 650 1350 1100 625 525 1275 1127 750 1347 1650 1200 525 425 . 150 1050 2825 1025 1736 855 . 1264 2237 4969 4566 Parts Sabotaged 4 | . . . . . . . . . . . . . . . . . . . 2 . . . . . . . . . . . . . . . . . . . 1 1 . Parts Stolen . | . . . . . . . . . . . . . . . . . . . . . . . . . . . . . . . . . . . . . . . . . . Parts Stripped . | . . . . . . . . . . . . . . . . . . . . . . . . . . . . . . . . . . . . . . . . . . Power Chain Reactions 7 | . . . . . . . . . . . . 1 . . 1 . . . . . . . . . 1 . . . . . 1 . . . 1 . . 2 . . . Missiles Intercepted 1 | . . . . . . . . . . . . . . . . . . . . . . . . . . . . . . . . . . . . . . . . 1 . Alert | -11 -10 -10 -9 -9 -8 -8 -8 -7 -7 -7 -7 -7 -6 -6 -6 -6 -6 -6 -6 -5 -5 -5 -5 -4 -4 -4 -4 -4 -4 -4 -3 -3 -3 -2 -2 -2 -1 -1 -1 -1 -1 ------- Run | Scr Mat Min Mat Sto Mat Gar Mat Fac Low Low Zio Dee Pro Fac Ext Cet Arc Hub Gar Fac Upp Upp War Pro Fac Was Fac Upp Upp Zhi Pro Res Tes Res Qua Sec Acc Gar Acc Com Ac0 Peak Influence 5408 | 15 248 119 736 609 380 1113 834 932 . . . . . 206 434 543 390 369 965 633 . . . . 695 162 708 . . . . 214 495 1135 1327 1129 673 2117 4185 5408 . Initial 2678 | . 9 51 . 295 66 234 542 338 . . . . . 15 16 223 217 16 174 506 . . . . . 158 . . . . . . 86 243 612 746 655 555 1269 2678 . Average 1076 | 10 98 34 327 367 206 625 626 394 . . . . . 78 181 437 250 130 646 523 . . . . 472 24 392 . . . . 87 282 585 815 966 663 1520 2339 4773 . Maximum Alert Level 5 | . 1 . 3 2 1 4 3 3 . . . . . 1 2 2 1 1 3 2 . . . . 2 . 3 . . . . 1 2 4 4 4 2 5 5 5 . Low Security (%) 26 | 100 72 100 32 12 38 . . . . . . . . 99 57 . 55 67 3 . . . . . 17 100 13 . . . . 81 25 14 . . . . . . . Level 1 18 | . 27 . 34 53 61 29 . 55 . . . . . . 33 30 44 32 22 . . . . . 8 . 27 . . . . 18 51 25 . . . . . . . Level 2 19 | . . . 15 33 . 34 72 41 . . . . . . 8 69 . . 30 100 . . . . 74 . 51 . . . . . 22 21 44 . 100 12 . . . Level 3 9 | . . . 17 . . 35 27 3 . . . . . . . . . . 44 . . . . . . . 7 . . . . . . 19 30 93 . 7 . . . Level 4 3 | . . . . . . . . . . . . . . . . . . . . . . . . . . . . . . . . . . 17 25 6 . 25 33 . . Level 5 9 | . . . . . . . . . . . . . . . . . . . . . . . . . . . . . . . . . . . . . . 54 . 39 . High Security 14 | . . . . . . . . . . . . . . . . . . . . . . . . . . . . . . . . . . . . . . . 66 60 . Max Security . | . . . . . . . . . . . . . . . . . . . . . . . . . . . . . . . . . . . . . . . . . . Squads Dispatched 143 | . 1 . 6 2 6 . 2 9 . . . . 1 4 4 . . 3 . 1 . 1 . . 6 . 11 . . . . 2 5 . 12 4 1 . 25 37 . Investigation 8 | . 1 . 1 1 . . . 1 . . . . . . . . . 2 . . . 1 . . 1 . . . . . . . . . . . . . . . . Extermination 18 | . . . . . . . . 1 . . . . . 3 . . . . . 1 . . . . . . 3 . . . . 1 3 . 4 1 1 . . . . Reinforcement 34 | . . . 4 1 4 . 1 3 . . . . . 1 4 . . 1 . . . . . . 1 . 4 . . . . 1 2 . 3 2 . . 1 1 . Assault 74 | . . . 1 . . . 1 2 . . . . 1 . . . . . . . . . . . 2 . 1 . . . . . . . 5 1 . . 24 36 . Garrison 9 | . . . . . 2 . . 2 . . . . . . . . . . . . . . . . 2 . 3 . . . . . . . . . . . . . . Intercept . | . . . . . . . . . . . . . . . . . . . . . . . . . . . . . . . . . . . . . . . . . . Searches Triggered . | . . . . . . . . . . . . . . . . . . . . . . . . . . . . . . . . . . . . . . . . . . Construction Impeded 4 | . . . . . 2 . . . . . . . . . 2 . . . . . . . . . . . . . . . . . . . . . . . . . . Haulers Reinforced 5 | . . . . . . . . 1 . . . . . 1 . . . . . . . . . . 1 . 1 . . . . . . . 1 . . . . . . Active Scanning Responses . | . . . . . . . . . . . . . . . . . . . . . . . . . . . . . . . . . . . . . . . . . . Cargo Convoy Interrupts . | . . . . . . . . . . . . . . . . . . . . . . . . . . . . . . . . . . . . . . . . . . Stealth | -11 -10 -10 -9 -9 -8 -8 -8 -7 -7 -7 -7 -7 -6 -6 -6 -6 -6 -6 -6 -5 -5 -5 -5 -4 -4 -4 -4 -4 -4 -4 -3 -3 -3 -2 -2 -2 -1 -1 -1 -1 -1 --------- Run | Scr Mat Min Mat Sto Mat Gar Mat Fac Low Low Zio Dee Pro Fac Ext Cet Arc Hub Gar Fac Upp Upp War Pro Fac Was Fac Upp Upp Zhi Pro Res Tes Res Qua Sec Acc Gar Acc Com Ac0 Distress Signals 59 | . . . 7 1 3 . 5 1 . . . . . . 3 2 . . . . . . 2 . . . 1 . . . . . 2 10 1 1 . . . 20 . Communications Jammed 162 | . . . . . . . . . . . . . . . . . . . . . . . . . . . . . . . . . 17 6 8 28 . . 73 30 . Distress Signals 144 | . . . . . . . . . . . . . . . . . . . . . . . . . . . . . . . . . 17 6 8 23 . . 63 27 . Times Spotted 1283 | . 16 2 71 17 45 27 35 28 1 . . 100 22 12 46 10 23 21 24 6 17 19 72 10 36 6 40 7 6 . 15 13 36 38 64 34 . 49 119 139 57 Peak Tracking Total 37 | . 3 2 7 6 7 5 5 8 1 . . 37 9 3 5 5 2 4 5 2 5 4 14 5 5 2 6 4 1 . 6 3 4 6 7 9 2 18 16 28 4 Tactical Retreats 61 | . . . 7 . 1 1 1 . . . . 12 2 . 2 . . 2 2 . 1 . . . . . 1 . . . . . 4 1 1 2 . 2 5 14 . Traps | -11 -10 -10 -9 -9 -8 -8 -8 -7 -7 -7 -7 -7 -6 -6 -6 -6 -6 -6 -6 -5 -5 -5 -5 -4 -4 -4 -4 -4 -4 -4 -3 -3 -3 -2 -2 -2 -1 -1 -1 -1 -1 ------- Run | Scr Mat Min Mat Sto Mat Gar Mat Fac Low Low Zio Dee Pro Fac Ext Cet Arc Hub Gar Fac Upp Upp War Pro Fac Was Fac Upp Upp Zhi Pro Res Tes Res Qua Sec Acc Gar Acc Com Ac0 Traps Triggered 31 | . 2 . 3 1 . 6 . 4 . . . . . . 1 . . . 2 3 . . . . 1 . 2 . . . . . 2 . . . . 1 . 3 . Indirectly . | . . . . . . . . . . . . . . . . . . . . . . . . . . . . . . . . . . . . . . . . . . Trap Hack Attempts . | . . . . . . . . . . . . . . . . . . . . . . . . . . . . . . . . . . . . . . . . . . Triggered . | . . . . . . . . . . . . . . . . . . . . . . . . . . . . . . . . . . . . . . . . . . Disarmed . | . . . . . . . . . . . . . . . . . . . . . . . . . . . . . . . . . . . . . . . . . . Reprogrammed . | . . . . . . . . . . . . . . . . . . . . . . . . . . . . . . . . . . . . . . . . . . Reused . | . . . . . . . . . . . . . . . . . . . . . . . . . . . . . . . . . . . . . . . . . . Traps Extracted . | . . . . . . . . . . . . . . . . . . . . . . . . . . . . . . . . . . . . . . . . . . Installed . | . . . . . . . . . . . . . . . . . . . . . . . . . . . . . . . . . . . . . . . . . . Triggered 13 | . . . . . . . . . . . . . 1 . . . . . . . 1 . 11 . . . . . . . . . . . . . . . . . . Machines | -11 -10 -10 -9 -9 -8 -8 -8 -7 -7 -7 -7 -7 -6 -6 -6 -6 -6 -6 -6 -5 -5 -5 -5 -4 -4 -4 -4 -4 -4 -4 -3 -3 -3 -2 -2 -2 -1 -1 -1 -1 -1 ---------- Run | Scr Mat Min Mat Sto Mat Gar Mat Fac Low Low Zio Dee Pro Fac Ext Cet Arc Hub Gar Fac Upp Upp War Pro Fac Was Fac Upp Upp Zhi Pro Res Tes Res Qua Sec Acc Gar Acc Com Ac0 Machines Disabled 108 | . 2 . 1 2 2 1 2 7 . . . 2 1 1 5 4 2 3 6 . . 1 2 . 10 . 1 . 1 1 . 1 6 8 9 9 . 5 1 10 2 Max in Single Turn 4 | . 1 . 1 1 2 1 1 4 . . . 1 1 1 1 1 1 1 1 . . 1 1 . 2 . 1 . 1 1 . 1 1 1 2 1 . 2 1 2 1 Garrison Access 7 | . . . . . . . . 2 . . . . . . . . . . . . . . . . 1 . . . . . . . . 4 . . . . . . . Garrison Relay 1 | . . . . . . . . . . . . . . . . . . . . . . . . . . . . . . . . . . . . . . 1 . . . Phase Generator 1 | . . . . . . . . . . . . . . . . . . . . . . . . . . . . . . . . . . . . . . . . 1 . Energy Cycler 2 | . . . . . . . . . . . . . . . 2 . . . . . . . . . . . . . . . . . . . . . . . . . . Machines Sabotaged . | . . . . . . . . . . . . . . . . . . . . . . . . . . . . . . . . . . . . . . . . . . Garrisons Compromised . | . . . . . . . . . . . . . . . . . . . . . . . . . . . . . . . . . . . . . . . . . . Overloaded Fab Kills . | . . . . . . . . . . . . . . . . . . . . . . . . . . . . . . . . . . . . . . . . . . Hacking | -11 -10 -10 -9 -9 -8 -8 -8 -7 -7 -7 -7 -7 -6 -6 -6 -6 -6 -6 -6 -5 -5 -5 -5 -4 -4 -4 -4 -4 -4 -4 -3 -3 -3 -2 -2 -2 -1 -1 -1 -1 -1 --------- Run | Scr Mat Min Mat Sto Mat Gar Mat Fac Low Low Zio Dee Pro Fac Ext Cet Arc Hub Gar Fac Upp Upp War Pro Fac Was Fac Upp Upp Zhi Pro Res Tes Res Qua Sec Acc Gar Acc Com Ac0 Machines Accessed 99 | . 5 1 8 3 3 2 3 6 2 . . . . 4 9 . . 8 1 2 2 2 2 . 3 . 5 . . 4 . 4 6 . 5 4 1 3 . 1 . Terminals 72 | . 5 1 6 3 2 2 2 . 1 . . . . 3 9 . . 7 1 2 1 1 . . 3 . 1 . . . . 3 6 . 5 4 . 3 . 1 . Fabricators 5 | . . . . . . . . 2 . . . . . 1 . . . . . . . . . . . . 2 . . . . . . . . . . . . . . Repair Stations 5 | . . . 1 . . . 1 1 . . . . . . . . . . . . . . . . . . 1 . . . . 1 . . . . . . . . . Recycling Units 1 | . . . . . . . . 1 . . . . . . . . . . . . . . . . . . . . . . . . . . . . . . . . . Scanalyzers 1 | . . . 1 . . . . . . . . . . . . . . . . . . . . . . . . . . . . . . . . . . . . . . Garrison Access 6 | . . . . . 1 . . 2 . . . . . . . . . 1 . . . . . . . . 1 . . . . . . . . . 1 . . . . Total Hacks 238 | . 12 1 15 12 7 8 8 15 2 . . . . 6 16 . . 22 2 5 2 6 8 . 12 . 11 . . 17 . 6 18 . 11 8 2 5 . 1 . Successful 115 | . 5 . 6 3 4 2 6 6 2 . . . . 2 8 . . 10 1 2 2 6 8 . 4 . 6 . . 17 . 1 5 . 3 2 1 2 . 1 . Failed 123 | . 7 1 9 9 3 6 2 9 . . . . . 4 8 . . 12 1 3 . . . . 8 . 5 . . . . 5 13 . 8 6 1 3 . . . Catastrophic 39 | . 4 1 5 1 . 2 1 4 . . . . . 2 2 . . 1 . . . . . . 4 . 2 . . . . . 2 . 3 3 1 1 . . . Database Lockouts . | . . . . . . . . . . . . . . . . . . . . . . . . . . . . . . . . . . . . . . . . . . Manual 84 | . 6 1 9 10 . 4 3 5 . . 5 . . 2 4 . . 12 . . . . . . 7 . 2 . . . . 1 7 . 1 4 . 1 . . . Terminals 167 | . 12 1 10 12 5 8 4 . 1 . . . . 4 16 . . 19 2 5 1 5 . . 12 . 2 . . . . 5 18 . 11 8 . 5 . 1 . Fabricators 11 | . . . . . . . . 6 . . . . . 2 . . . . . . . . . . . . 3 . . . . . . . . . . . . . . Repair Stations 15 | . . . 2 . . . 4 3 . . . . . . . . . . . . . . . . . . 5 . . . . 1 . . . . . . . . . Recycling Units 1 | . . . . . . . . 1 . . . . . . . . . . . . . . . . . . . . . . . . . . . . . . . . . Scanalyzers 3 | . . . 3 . . . . . . . . . . . . . . . . . . . . . . . . . . . . . . . . . . . . . . Garrison Access 13 | . . . . . 2 . . 5 . . . . . . . . . 3 . . . . . . . . 1 . . . . . . . . . 2 . . . . Terminal Hacks 86 | . 5 . 2 3 3 1 2 . 2 . . . . 1 8 . . 7 1 2 2 6 8 . 4 . 1 . . 17 . . 3 . 3 2 . 2 . 1 . Record 20 | . . . . . . . . . 1 . . . . . . . . . . . 1 5 8 . . . . . . 5 . . . . . . . . . . . Part Schematic 4 | . . . . . . . . . . . . . . . . . . . . . . . . . . . . . . 4 . . . . . . . . . . . Robot Analysis 7 | . 3 . . . . . . . . . . . . . . . . . . . . . . . . . . . . 4 . . . . . . . . . . . Prototype ID Bank 5 | . 1 . . . . . . . . . . . . . . . . . . . . . . . . . . . . 4 . . . . . . . . . . . Open Door 10 | . . . . 1 . . . . 1 . . . . 1 4 . . . . . 1 1 . . . . . . . . . . . . . . . 1 . . . Level Access Points 1 | . . . . . . . . . . . . . . . . . . . . . . . . . . . . . . . . . . . . 1 . . . . . Branch Access Points 4 | . . . 1 . . . . . . . . . . . . . . . . 1 . . . . 1 . 1 . . . . . . . . . . . . . . Emergency Access Points 2 | . . . . . . 1 . . . . . . . . . . . . 1 . . . . . . . . . . . . . . . . . . . . . . Terminal Index 1 | . . . . . . . . . . . . . . . . . . 1 . . . . . . . . . . . . . . . . . . . . . . . Alert Level 1 | . . . . . . . . . . . . . . . . . . . . . . . . . . . . . . . . . . . 1 . . . . . . Unreport Threat 13 | . 1 . 1 2 1 . 1 . . . . . . . 1 . . 2 . . . . . . 2 . . . . . . . . . 1 1 . . . . . Locate Traps 4 | . . . . . . . . . . . . . . . 2 . . . . 1 . . . . 1 . . . . . . . . . . . . . . . . Hauler Manifests 1 | . . . . . . . . . . . . . . . . . . . . . . . . . . . . . . . . . 1 . . . . . . . . Zone Layout 11 | . . . . . 2 . 1 . . . . . . . 1 . . 4 . . . . . . . . . . . . . . 2 . 1 . . . . . . Garrison Registry 1 | . . . . . . . . . . . . . . . . . . . . . . . . . . . . . . . . . . . . . . 1 . . . Disengage Seal 1 | . . . . . . . . . . . . . . . . . . . . . . . . . . . . . . . . . . . . . . . . 1 . Fabricator Hacks 3 | . . . . . . . . 2 . . . . . . . . . . . . . . . . . . 1 . . . . . . . . . . . . . . Network Status 2 | . . . . . . . . 1 . . . . . . . . . . . . . . . . . . 1 . . . . . . . . . . . . . . Build 1 | . . . . . . . . 1 . . . . . . . . . . . . . . . . . . . . . . . . . . . . . . . . . Repair Station Hacks 11 | . . . 2 . . . 4 2 . . . . . . . . . . . . . . . . . . 3 . . . . . . . . . . . . . . Scan Component 6 | . . . 1 . . . 2 1 . . . . . . . . . . . . . . . . . . 2 . . . . . . . . . . . . . . Repair 5 | . . . 1 . . . 2 1 . . . . . . . . . . . . . . . . . . 1 . . . . . . . . . . . . . . Recycling Unit Hacks . | . . . . . . . . . . . . . . . . . . . . . . . . . . . . . . . . . . . . . . . . . . Scanalyzer 1 | . . . 1 . . . . . . . . . . . . . . . . . . . . . . . . . . . . . . . . . . . . . . Insert Component 1 | . . . 1 . . . . . . . . . . . . . . . . . . . . . . . . . . . . . . . . . . . . . . Garrison Access Hacks 3 | . . . . . 1 . . . . . . . . . . . . 1 . . . . . . . . . . . . . . . . . . 1 . . . . Unlock Access 3 | . . . . . 1 . . . . . . . . . . . . 1 . . . . . . . . . . . . . . . . . . 1 . . . . Unauthorized Hacks 11 | . . . 1 . . 1 . 2 . . . . . 1 . . . 2 . . . . . . . . 1 . . . . 1 2 . . . . . . . . Terminals 6 | . . . . . . 1 . . . . . . . . . . . 2 . . . . . . . . . . . . . 1 2 . . . . . . . . Track 3 | . . . . . . 1 . . . . . . . . . . . 1 . . . . . . . . . . . . . . 1 . . . . . . . . Assimilate 1 | . . . . . . . . . . . . . . . . . . . . . . . . . . . . . . . . 1 . . . . . . . . . Operators 1 | . . . . . . . . . . . . . . . . . . . . . . . . . . . . . . . . . 1 . . . . . . . . Sabotage 1 | . . . . . . . . . . . . . . . . . . 1 . . . . . . . . . . . . . . . . . . . . . . . Fabricators 4 | . . . . . . . . 2 . . . . . 1 . . . . . . . . . . . . 1 . . . . . . . . . . . . . . Prioritize 1 | . . . . . . . . 1 . . . . . . . . . . . . . . . . . . . . . . . . . . . . . . . . . Liberate 1 | . . . . . . . . . . . . . . 1 . . . . . . . . . . . . . . . . . . . . . . . . . . . Haulers 2 | . . . . . . . . 1 . . . . . . . . . . . . . . . . . . 1 . . . . . . . . . . . . . . Repair Stations . | . . . . . . . . . . . . . . . . . . . . . . . . . . . . . . . . . . . . . . . . . . Recycling Units . | . . . . . . . . . . . . . . . . . . . . . . . . . . . . . . . . . . . . . . . . . . Scanalyzers 1 | . . . 1 . . . . . . . . . . . . . . . . . . . . . . . . . . . . . . . . . . . . . . Researchers 1 | . . . 1 . . . . . . . . . . . . . . . . . . . . . . . . . . . . . . . . . . . . . . Garrison Access . | . . . . . . . . . . . . . . . . . . . . . . . . . . . . . . . . . . . . . . . . . . Data Cores Recovered . | . . . . . . . . . . . . . . . . . . . . . . . . . . . . . . . . . . . . . . . . . . Used . | . . . . . . . . . . . . . . . . . . . . . . . . . . . . . . . . . . . . . . . . . . Hacking Detections 78 | . 5 1 6 2 2 2 2 4 1 . . . . 4 8 . . 7 1 2 . 1 . . 3 . 5 . . . . 4 6 . 5 4 1 1 . 1 . Full Trace Events 7 | . . . . 1 . 2 . 1 . . . . . . . . . 1 . . . 1 . . 1 . . . . . . . . . . . . . . . . Feedback Events . | . . . . . . . . . . . . . . . . . . . . . . . . . . . . . . . . . . . . . . . . . . Feedback Blocked . | . . . . . . . . . . . . . . . . . . . . . . . . . . . . . . . . . . . . . . . . . . Robot Schematics Acquired 8 | . . . . . . . . . . . 3 . . . . . . . . . . . . . . . . . . . . . 2 . 3 . . . . . . Robots Built . | . . . . . . . . . . . . . . . . . . . . . . . . . . . . . . . . . . . . . . . . . . Authchips . | . . . . . . . . . . . . . . . . . . . . . . . . . . . . . . . . . . . . . . . . . . Time . | . . . . . . . . . . . . . . . . . . . . . . . . . . . . . . . . . . . . . . . . . . Total Robot Build Rating . | . . . . . . . . . . . . . . . . . . . . . . . . . . . . . . . . . . . . . . . . . . Part Schematics Acquired 24 | . . . . . . . . . . . 15 . . . . . . . . . . . . . . . . . . 4 . . 2 . 3 . . . . . . Parts Built 2 | . . . . . . . . 2 . . . . . . . . . . . . . . . . . . . . . . . . . . . . . . . . . Authchips . | . . . . . . . . . . . . . . . . . . . . . . . . . . . . . . . . . . . . . . . . . . Time 117 | . . . . . . . . 117 . . . . . . . . . . . . . . . . . . . . . . . . . . . . . . . . . Total Part Build Rating 14 | . . . . . . . . 14 . . . . . . . . . . . . . . . . . . . . . . . . . . . . . . . . . Parts Repaired 5 | . . . 1 . . . 2 1 . . . . . . . . . . . . . . . . . . 1 . . . . . . . . . . . . . . Time 258 | . . . 26 . . . 52 44 . . . . . . . . . . . . . . . . . . 136 . . . . . . . . . . . . . . Parts Recycled . | . . . . . . . . . . . . . . . . . . . . . . . . . . . . . . . . . . . . . . . . . . Recycled Matter . | . . . . . . . . . . . . . . . . . . . . . . . . . . . . . . . . . . . . . . . . . . Retrieved Matter . | . . . . . . . . . . . . . . . . . . . . . . . . . . . . . . . . . . . . . . . . . . Retrieved Components . | . . . . . . . . . . . . . . . . . . . . . . . . . . . . . . . . . . . . . . . . . . Parts Scanalyzed . | . . . . . . . . . . . . . . . . . . . . . . . . . . . . . . . . . . . . . . . . . . Part Schematics Acquired . | . . . . . . . . . . . . . . . . . . . . . . . . . . . . . . . . . . . . . . . . . . Parts Damaged . | . . . . . . . . . . . . . . . . . . . . . . . . . . . . . . . . . . . . . . . . . . Bothacking | -11 -10 -10 -9 -9 -8 -8 -8 -7 -7 -7 -7 -7 -6 -6 -6 -6 -6 -6 -6 -5 -5 -5 -5 -4 -4 -4 -4 -4 -4 -4 -3 -3 -3 -2 -2 -2 -1 -1 -1 -1 -1 ------------ Run | Scr Mat Min Mat Sto Mat Gar Mat Fac Low Low Zio Dee Pro Fac Ext Cet Arc Hub Gar Fac Upp Upp War Pro Fac Was Fac Upp Upp Zhi Pro Res Tes Res Qua Sec Acc Gar Acc Com Ac0 Used RIF Installer . | . . . . . . . . . . . . . . . . . . . . . . . . . . . . . . . . . . . . . . . . . . Robots Hacked . | . . . . . . . . . . . . . . . . . . . . . . . . . . . . . . . . . . . . . . . . . . Non-combat . | . . . . . . . . . . . . . . . . . . . . . . . . . . . . . . . . . . . . . . . . . . Combat . | . . . . . . . . . . . . . . . . . . . . . . . . . . . . . . . . . . . . . . . . . . Robot Hacks Applied . | . . . . . . . . . . . . . . . . . . . . . . . . . . . . . . . . . . . . . . . . . . Relay Couplers Released 29 | . . . . . . 4 . 3 . . . . . . . . . 4 . 4 . . . . 1 . . . . . . . . 6 . . . 3 4 . . Machine Destruction 10 | . . . . . . . . 3 . . . . . . . . . . . . . . . . 1 . . . . . . . . 3 . . . 3 . . . Programmers 19 | . . . . . . 4 . . . . . . . . . . . 4 . 4 . . . . . . . . . . . . . 3 . . . . 4 . . Fabnet Peak Effective % . | . . . . . . . . . . . . . . . . . . . . . . . . . . . . . . . . . . . . . . . . . . Robots Rewired 17 | . . . . . . . . . . . . . 1 . 11 . . . . . . . . . . . . . 2 . . . . . . . . 3 . . . Allies Hacked 4 | . . . . . . . . . . . . . . . . . . . . . . . . . . . 2 . . . . 1 . . . . . 1 . . . Hacks Repelled . | . . . . . . . . . . . . . . . . . . . . . . . . . . . . . . . . . . . . . . . . . . Allies | -11 -10 -10 -9 -9 -8 -8 -8 -7 -7 -7 -7 -7 -6 -6 -6 -6 -6 -6 -6 -5 -5 -5 -5 -4 -4 -4 -4 -4 -4 -4 -3 -3 -3 -2 -2 -2 -1 -1 -1 -1 -1 -------- Run | Scr Mat Min Mat Sto Mat Gar Mat Fac Low Low Zio Dee Pro Fac Ext Cet Arc Hub Gar Fac Upp Upp War Pro Fac Was Fac Upp Upp Zhi Pro Res Tes Res Qua Sec Acc Gar Acc Com Ac0 Total Allies 53 | . . . . . . . . . . . 5 . 1 2 20 . . . . . . . . . . 19 . . 2 . . 1 . . . . . 3 . . . Largest Group 18 | . . . . . . . . . . . 5 5 1 2 11 9 6 . . . . . . . . 18 16 . 2 2 2 1 . . . . . 2 1 . . Highest-Rated Group 638 | . . . . . . . . . . . 302 302 20 64 475 425 203 . . . . . . . . 638 536 . 96 96 96 26 . . . . . 148 148 . . Highest-Rated Ally 159 | . . . . . . . . . . . 96 96 20 32 159 159 39 . . . . . . . . 50 46 . 49 49 49 26 . . . . . 148 148 . . Warlord Squad Rendezvous 2 | . . . . . . . . . . . . . . 1 . . . . . 1 . . . . . . . . . . . . . . . . . . . . . Muscle 1 | . . . . . . . . . . . . . . 1 . . . . . . . . . . . . . . . . . . . . . . . . . . . Pyro 1 | . . . . . . . . . . . . . . . . . . . . 1 . . . . . . . . . . . . . . . . . . . . . Total Orders 17 | . . . . . . . . . . . . . . . 2 . 3 . . . . . . . . . . . . . . 1 . 11 . . . . . . . STAY 4 | . . . . . . . . . . . . . . . 1 . 2 . . . . . . . . . . . . . . 1 . . . . . . . . . FOLLOW 2 | . . . . . . . . . . . . . . . 1 . 1 . . . . . . . . . . . . . . . . . . . . . . . . EXPLORE 11 | . . . . . . . . . . . . . . . . . . . . . . . . . . . . . . . . . . 11 . . . . . . . Ally Attacks 603 | . . . . . . . . . . . . 114 3 8 168 68 26 . . . . . . . . 10 153 . . . 17 . . . . . . 6 30 . . Total Damage 13164 | . . . . . . . . . . . . 2242 101 254 3081 1392 360 . . . . . . . . 185 4151 . . . 376 . . . . . . 159 863 . . Kills 79 | . . . . . . . . . . . . 18 1 1 19 7 3 . . . . . . . . . 21 . . . 3 . . . . . . 1 5 . . Allies Corrupted 3 | . . . . . . . . . . . . 1 . 1 . . . . . . . . . . . . . . . . . . . 1 . . . . . . . Allies Melted 7 | . . . . . . . . . . . . . . . . . . . . . . . 2 . . . . . . . . . . 4 . . . . . 1 . Intel | -11 -10 -10 -9 -9 -8 -8 -8 -7 -7 -7 -7 -7 -6 -6 -6 -6 -6 -6 -6 -5 -5 -5 -5 -4 -4 -4 -4 -4 -4 -4 -3 -3 -3 -2 -2 -2 -1 -1 -1 -1 -1 ------- Run | Scr Mat Min Mat Sto Mat Gar Mat Fac Low Low Zio Dee Pro Fac Ext Cet Arc Hub Gar Fac Upp Upp War Pro Fac Was Fac Upp Upp Zhi Pro Res Tes Res Qua Sec Acc Gar Acc Com Ac0 Robot Analysis Total 7 | . 3 . . . . . . . . . . . . . . . . . . . . . . . . . . . . 4 . . . . . . . . . . . Derelict Logs Recovered 7 | . . 2 . . . . . . 1 1 2 . . . . . . . . . . 1 . . . . . . . . . . . . . . . . . . . Drone Launches 11 | . . . . . . . . . . . . . . . . . . . . . . . . . . . . . . . . . . 11 . . . . . . . Drone Recoveries 9 | . . . . . . . . . . . . . . . . . . . . . . . . . . . . . . . . . . 9 . . . . . . . Exploration | -11 -10 -10 -9 -9 -8 -8 -8 -7 -7 -7 -7 -7 -6 -6 -6 -6 -6 -6 -6 -5 -5 -5 -5 -4 -4 -4 -4 -4 -4 -4 -3 -3 -3 -2 -2 -2 -1 -1 -1 -1 -1 ------------- Run | Scr Mat Min Mat Sto Mat Gar Mat Fac Low Low Zio Dee Pro Fac Ext Cet Arc Hub Gar Fac Upp Upp War Pro Fac Was Fac Upp Upp Zhi Pro Res Tes Res Qua Sec Acc Gar Acc Com Ac0 Turns Passed 66437 | 79 938 1241 2955 927 913 1206 1591 1348 1367 775 2147 4432 1257 1298 2818 339 891 822 1371 826 2096 2453 2045 1028 810 2430 1986 865 1089 711 1239 493 2178 2403 1493 856 293 1244 848 9328 1008 Spaces Moved 25033 | 18 407 504 1066 300 241 417 485 429 543 307 878 1420 338 474 965 169 192 421 682 288 708 834 773 427 251 784 731 281 390 180 480 231 930 1181 636 486 181 540 355 3716 394 Core 13 | . . . . . . . . . . . . . . . . . 13 . . . . . . . . . . . . . . . . . . . . . . . . Treads 22615 | 18 407 504 1066 300 241 417 485 429 543 307 878 1020 . . . 142 179 421 682 288 708 834 773 427 251 784 731 281 390 180 480 231 930 1181 636 381 181 540 312 3677 380 Legs 2204 | . . . . . . . . . . . . 400 338 474 965 27 . . . . . . . . . . . . . . . . . . . . . . . . . Wheels . | . . . . . . . . . . . . . . . . . . . . . . . . . . . . . . . . . . . . . . . . . . Hover . | . . . . . . . . . . . . . . . . . . . . . . . . . . . . . . . . . . . . . . . . . . Flight . | . . . . . . . . . . . . . . . . . . . . . . . . . . . . . . . . . . . . . . . . . . Fastest Speed 145 | 160 160 240 160 240 240 240 240 240 240 240 242 210 210 180 210 160 160 160 160 240 240 160 160 160 240 152 237 237 237 152 237 150 150 150 145 145 145 145 145 145 147 Average Speed 199 | 160 184 240 219 240 240 240 240 240 240 240 242 232 210 210 211 168 323 160 160 240 240 238 208 167 240 212 237 237 237 236 237 154 164 157 152 147 145 145 155 150 152 Slowest Speed 2550 | 160 240 240 320 240 240 240 240 240 240 242 242 242 210 300 300 240 2550 240 160 240 240 240 240 240 240 305 237 237 237 237 237 155 241 246 225 225 145 145 225 225 160 Overloaded Moves . | . . . . . . . . . . . . . . . . . . . . . . . . . . . . . . . . . . . . . . . . . . Propulsion Burnouts . | . . . . . . . . . . . . . . . . . . . . . . . . . . . . . . . . . . . . . . . . . . Robots Hopped . | . . . . . . . . . . . . . . . . . . . . . . . . . . . . . . . . . . . . . . . . . . Cave-ins Triggered . | . . . . . . . . . . . . . . . . . . . . . . . . . . . . . . . . . . . . . . . . . . Teleports 2 | . . . . . . . . . . . . . . . . . . . . . . . . . . . . . . . . . . . 1 . . . . 1 . Microwarps 28 | . . . . . . . . . . . . . . . . . . . . . . . . . . . . . . . . . . . . 13 . . 6 8 1 Exploration Rate (%) 54 | 2 76 99 78 66 36 46 37 16 68 47 86 77 54 11 93 66 79 48 56 11 77 68 85 53 12 97 19 53 59 60 61 10 95 80 82 31 7 75 12 84 31 Regions Visited 41 Branch Regions 24 Pre-discovered Areas 8 | . . 1 . . . . . . 1 1 1 . . . . . . . . . . 1 . . . . . . . 3 . . . . . . . . . . . Known Exits Taken 15 | . . . 1 . 1 . . 1 1 1 1 . . 1 . . . 1 . 1 . . . . . . 1 . . . . 1 1 1 . 1 1 . . . . Unknown Exits Taken 21 | 1 1 1 . 1 . . 1 . . . . 1 1 . 1 1 1 . . . 1 1 1 1 . . . 1 1 1 1 . . . 1 . . . 1 1 . Scrap Searched 15 | . . 1 . . . . . . . 3 3 . 1 . . . . . . . 2 1 . . . . . 1 2 . 1 . . . . . . . . . . Spaces Dug 452 | . . 5 4 1 4 7 . . 21 . . . 12 9 2 . . 8 15 5 26 8 6 2 7 1 10 4 17 . 8 9 38 60 40 7 4 5 45 62 . Terrain Destroyed 1906 | . 16 6 38 6 70 48 24 42 21 . . 33 41 23 35 3 11 17 37 14 67 24 12 36 83 4 61 75 22 . 91 19 75 110 105 21 6 55 170 238 147 Melee 15 | . . . 3 1 . . . . 4 . . . . . . . . . . . . . . . . . . . . . . . . . 1 . . 4 2 . . Projectile 753 | . 5 1 8 . . . . . . . . 1 25 23 21 3 11 17 6 14 2 24 7 9 11 4 20 20 22 . 19 19 75 110 55 21 6 1 11 98 84 AOE 1138 | . 11 5 27 5 70 48 24 42 17 . . 32 16 . 14 . . . 31 . 65 . 5 27 72 . 41 55 . . 72 . . . 49 . . 50 157 140 63 Terrain Rammed . | . . . . . . . . . . . . . . . . . . . . . . . . . . . . . . . . . . . . . . . . . . Walls Destroyed . | . . . . . . . . . . . . . . . . . . . . . . . . . . . . . . . . . . . . . . . . . . Machines Disabled . | . . . . . . . . . . . . . . . . . . . . . . . . . . . . . . . . . . . . . . . . . . Actions | -11 -10 -10 -9 -9 -8 -8 -8 -7 -7 -7 -7 -7 -6 -6 -6 -6 -6 -6 -6 -5 -5 -5 -5 -4 -4 -4 -4 -4 -4 -4 -3 -3 -3 -2 -2 -2 -1 -1 -1 -1 -1 --------- Run | Scr Mat Min Mat Sto Mat Gar Mat Fac Low Low Zio Dee Pro Fac Ext Cet Arc Hub Gar Fac Upp Upp War Pro Fac Was Fac Upp Upp Zhi Pro Res Tes Res Qua Sec Acc Gar Acc Com Ac0 Total 39348 | 57 514 520 1407 408 399 533 737 623 583 328 897 2269 822 772 1745 231 442 571 951 426 1099 1302 1203 734 449 1561 983 470 554 469 569 360 1568 1707 1091 570 204 882 604 7120 614 Wait 8718 | 24 34 3 138 12 23 23 77 79 . 6 2 593 426 203 502 2 177 60 182 66 336 334 305 216 60 631 144 130 94 248 31 46 344 228 122 35 . 151 50 2552 29 Move 24821 | 17 406 503 1065 299 241 416 484 428 542 306 877 1419 337 473 964 168 191 420 680 287 707 833 772 426 251 783 730 280 389 179 479 230 929 1180 635 393 181 539 317 3684 381 Hop . | . . . . . . . . . . . . . . . . . . . . . . . . . . . . . . . . . . . . . . . . . . Pick Up 347 | . 14 1 23 10 8 9 13 8 9 . 3 19 1 8 6 8 3 5 1 6 3 25 5 16 7 25 3 2 . 3 1 2 18 10 12 4 1 4 10 34 7 Fast Attach 327 | 2 3 1 11 2 2 3 8 4 . . 3 8 1 2 2 5 10 2 2 3 2 2 4 3 2 10 3 1 . 8 . 2 6 19 18 8 6 15 8 124 12 Attach 158 | 2 . . 7 4 9 4 6 7 4 . . 13 2 1 1 1 3 2 1 2 . 2 . . 4 3 1 . 1 2 . 3 1 2 13 3 . 4 11 22 17 Detach 119 | . 2 . . . . . . 1 1 . . 5 1 . 1 1 1 . . . 1 4 2 1 2 8 2 . 2 3 . 2 2 7 14 5 1 6 10 30 4 Swap 483 | . 4 1 10 12 16 14 18 20 6 4 4 20 3 10 6 1 . 1 1 5 15 11 7 11 3 4 4 10 6 1 12 7 44 21 31 9 2 23 29 59 18 Drop 575 | 5 8 1 13 14 7 2 30 11 2 2 6 26 5 6 11 18 15 5 3 13 8 15 10 12 7 26 4 3 . 11 1 2 23 28 26 11 6 17 16 139 7 Fire 3465 | 7 41 5 122 46 89 52 98 53 15 10 . 116 37 67 120 27 42 76 80 44 27 76 98 49 112 71 92 44 50 14 45 63 200 211 218 99 7 97 146 460 139 Melee 99 | . . . 4 4 . 1 . 9 4 . 2 43 . 1 . . . . . . . . . . . . . . . . . . . . 2 3 . 10 7 9 . Ram . | . . . . . . . . . . . . . . . . . . . . . . . . . . . . . . . . . . . . . . . . . . Kick 3 | . . . . . . . . . . . . . . 1 2 . . . . . . . . . . . . . . . . . . . . . . . . . . Crush 49 | . 2 5 14 5 4 . 3 3 . . . 5 . . . . . . 1 . . . . . 1 . . . . . . 3 1 1 . . . . . 1 . Escape Stasis 20 | . . . . . . 9 . . . . . . . . 5 . . . . . . . . . . . . . . . . . . . . . . . . 6 . Rewire 164 | . . . . . . . . . . . . 2 9 . 125 . . . . . . . . . . . . . 12 . . . . . . . . 16 . . . Trap . | . . . . . . . . . . . . . . . . . . . . . . . . . . . . . . . . . . . . . . . . . . Miscellaneous . | . . . . . . . . . . . . . . . . . . . . . . . . . . . . . . . . . . . . . . . . . . Route ------- -11/Scrapyard -10/Materials (discovered 3 exits: *Mat x2 / *Min) -10/Mines (discovered 2 exits: *Mat x2) -9/Materials (discovered 5 exits: *Mat x3 / *Min / *Sto) -9/Storage -8/Materials (discovered 2 exits: *Fac / Gar) -8/Garrison (discovered 2 exits: *Mat x2) -8/Materials -7/Factory -7/Lower Caves -7/Lower Caves -7/Zion (discovered 2 exits: *Dee / [*Pro]) -7/Deep Caves -6/Proximity Caves -6/Factory (discovered 4 exits: *Fac x2 / *Ext x2) -6/Extension (discovered 2 exits: *Fac / [*Cet]) -6/Cetus (discovered 2 exits: *Fac / [*Arc]) -6/Archives (discovered 3 exits: *Fac / *Hub x2) -6/Hub_04(d) (discovered 5 exits: *Fac x4 / Gar) -6/Garrison (discovered 3 exits: *Fac x3) -5/Factory (discovered 2 exits: *Upp x2) -5/Upper Caves -5/Upper Caves (discovered 2 exits: *Fac / *War) -5/Warlord -4/Proximity Caves -4/Factory (discovered 3 exits: *Upp x2 / Arm) -4/Waste -4/Factory (discovered 3 exits: *Upp x2 / Arm) -4/Upper Caves -4/Upper Caves (discovered 2 exits: *Res / *Zhi) -4/Zhirov -3/Proximity Caves -3/Research (discovered 2 exits: *Res / *Tes) -3/Testing -2/Research (discovered 4 exits: *Acc x3 / *Qua) -2/Quarantine (discovered 2 exits: *Acc / *Sec) -2/Section 7 -1/Access -1/Garrison (discovered 3 exits: [*Acc x3]) -1/Access -1/Command (discovered 3 exits: [Sur x2] / [*Ac0]) -1/Access_0 History --------- Turn | Location | Event 20 | -11/Scrapyard | Discovered new exit (range 3) 80 | -11/Scrapyard | Entered Materials 245 | -10/Materials | Discovered new exit (range 12) 300 | -10/Materials | Build established: Mutant 393 | -10/Materials | Discovered new exit (range 13) 754 | -10/Materials | Discovered new exit (range 10) 1018 | -10/Materials | Entered Mines 1219 | -10/Mines | Discovered new exit (range 6) 1421 | -10/Mines | Found a damaged Exp. Sensor Array with a note attached 1425 | -10/Mines | Found Prototype Device 1722 | -10/Mines | Discovered new exit (range 10) 1897 | -10/Mines | Learned Materials garrison access intel 2259 | -10/Mines | Entered Materials 2259 | -9/Materials | Evolved 2 slots: Propulsion x1, Utility x1 2459 | -9/Materials | Discovered new exit (range 16) 2902 | -9/Materials | Discovered new exit (range 16) 3107 | -9/Materials | Identified exit to Mines 3107 | -9/Materials | Identified exit to Storage 3694 | -9/Materials | Repaired Lgt. Treads 3830 | -9/Materials | Identified Exp. Sensor Array 4241 | -9/Materials | Discovered new exit (range 16) 4488 | -9/Materials | Core integrity fell below 50% 4659 | -9/Materials | First assault squad dispatched 5159 | -9/Materials | Discovered new exit (range 10) 5214 | -9/Materials | Entered Storage 5876 | -9/Storage | Build established: Scavenger-Mutant 6121 | -9/Storage | Discovered new exit (range 5) 6138 | -9/Storage | Core integrity fell below 20% 6141 | -9/Storage | Entered Materials 6141 | -8/Materials | Evolved 2 slots: Propulsion x1, Utility x1 6142 | -8/Materials | Loaded intel: 1 garrison access location 6512 | -8/Materials | Discovered new exit (range 7) 6910 | -8/Materials | Garrison activated, responded to threat 6966 | -8/Materials | Build established: Mutant 7046 | -8/Materials | Identified exit to Garrison 7051 | -8/Materials | Garrison activated, responded to threat 7054 | -8/Materials | Entered Garrison 7084 | -8/Garrison | Lost 3 parts (2n1w) 7165 | -8/Garrison | Triggered checkpoint 7210 | -8/Garrison | Discovered new exit (range 5) 7281 | -8/Garrison | Build established: Scavenger-Mutant 7281 | -8/Garrison | Triggered checkpoint 7756 | -8/Garrison | Triggered checkpoint 7911 | -8/Garrison | Triggered checkpoint 8188 | -8/Garrison | Discovered new exit (range 14) 8260 | -8/Garrison | Entered Materials 9452 | -8/Materials | Repaired Lgt. Treads 9460 | -8/Materials | First assault squad dispatched 9479 | -8/Materials | Repaired Lgt. Treads 9560 | -8/Materials | Discovered new exit (range 11) 9851 | -8/Materials | Entered Factory 9851 | -7/Factory | Evolved 2 slots: Power x1, Utility x1 10153 | -7/Factory | Repaired Imp. Cooling System 10363 | -7/Factory | Fabricated Quantum Capacitor (x2) 10773 | -7/Factory | System corruption reached 10% 10975 | -7/Factory | Discovered new exit (range 15) 11018 | -7/Factory | Garrison activated, responded to threat 11190 | -7/Factory | Lost 5 parts (2n2u1w) 11195 | -7/Factory | Identified exit to Lower Caves 11199 | -7/Factory | Entered Lower Caves 11205 | -7/Lower Caves | Met a Warlord Commander 11206 | -7/Lower Caves | Learned location of Warlord (-5) 11209 | -7/Lower Caves | Found Encrypted Comm Array 12131 | -7/Lower Caves | Learned location of 1 exit from Factory 12441 | -7/Lower Caves | Discovered new exit (range 8) 12457 | -7/Lower Caves | Identified exit to Lower Caves 12474 | -7/Lower Caves | Attracted the attention of an 0b10 checkpoint 12566 | -7/Lower Caves | Entered another Lower Caves area 13150 | -7/Lower Caves | Learned location of Extension (-6) 13286 | -7/Lower Caves | Discovered new exit (range 12) 13317 | -7/Lower Caves | Identified exit to Zion 13341 | -7/Lower Caves | Entered Zion 13425 | -7/Zion | System corruption cleaned by Quarantine Array 13677 | -7/Zion | Discovered new exit (range 15) 14098 | -7/Zion | Acquired unknown access codes intercepted by a Zionite 14185 | -7/Zion | Given the Hacking Drone Bay 14253 | -7/Zion | Learned location of 1 exit from Factory 14467 | -7/Zion | Learned location of Quarantine (-2) 14626 | -7/Zion | Learned location of 1 exit from Factory 14660 | -7/Zion | Given A8's code to call for help 15133 | -7/Zion | Gained Derelict followers 15416 | -7/Zion | Enhanced Grunt warped into view, answering call for help 15425 | -7/Zion | Enhanced Grunt warped into view, answering call for help 15430 | -7/Zion | Opened final containment barrier to the Deep Caves 15469 | -7/Zion | Discovered new exit (range 3) 15469 | -7/Zion | Saw the warning signs outside the Deep Caves entrance 15476 | -7/Zion | Identified exit to Deep Caves 15488 | -7/Zion | Entered Deep Caves 15488 | -7/Deep Caves | Accompanied by 5 allies 15830 | -7/Deep Caves | Attacked by Z-Imprinter 15845 | -7/Deep Caves | Allies destroyed Z-Imprinter 15999 | -7/Deep Caves | Z-Facility disabled 16208 | -7/Deep Caves | Found Prototype Protection 16208 | -7/Deep Caves | Identified Zio. Weapon Casing 16215 | -7/Deep Caves | Found Zio. Weapon Casing 16223 | -7/Deep Caves | Found Zio. Weapon Casing 17039 | -7/Deep Caves | Discovered new exit (range 7) 17548 | -7/Deep Caves | Destroyed as-74277 17927 | -7/Deep Caves | Triggered Deep Caves wall 17928 | -7/Deep Caves | Exposed GOLEM chamber 17929 | -7/Deep Caves | Spotted AS-88043 17942 | -7/Deep Caves | Spotted AS-23405 17964 | -7/Deep Caves | Destroyed AS-23405 17995 | -7/Deep Caves | Destroyed AS-88043 17998 | -7/Deep Caves | Lost 6 parts (3n3u) 18000 | -7/Deep Caves | Destroyed 39 combat bots 18187 | -7/Deep Caves | Found GOLEM Unit 18294 | -7/Deep Caves | Destroyed 9 combat bots 18331 | -7/Deep Caves | Core integrity fell below 50% 18337 | -7/Deep Caves | Spotted as-92524 18349 | -7/Deep Caves | Destroyed as-92524 18376 | -7/Deep Caves | Lost 4 parts (2p2n) 19056 | -7/Deep Caves | Build established: Golem 19095 | -7/Deep Caves | Found GOLEM Unit 19920 | -7/Deep Caves | Entered Proximity Caves 20023 | -6/Proximity Caves | Spotted B-75 Beast 20048 | -6/Proximity Caves | Destroyed B-75 Beast 20169 | -6/Proximity Caves | Attracted the attention of an 0b10 checkpoint 20509 | -6/Proximity Caves | Attracted the attention of an 0b10 outpost 20583 | -6/Proximity Caves | Core integrity fell below 20% 20612 | -6/Proximity Caves | Destroyed 12 combat bots 20622 | -6/Proximity Caves | Lost 3 parts (2n1w) 21154 | -6/Proximity Caves | Discovered new exit (range 9) 21177 | -6/Proximity Caves | Entered Factory 21177 | -6/Factory | Accompanied by 1 ally 21177 | -6/Factory | Evolved 2 slots: Utility x2 21178 | -6/Factory | Identified exit to Factory 21178 | -6/Factory | Identified exit to Extension 21782 | -6/Factory | Joined by Warlord Muscle squad 22261 | -6/Factory | Discovered exit to Extension (range 10) 22475 | -6/Factory | Entered Extension 22709 | -6/Extension | Rescued a captive Derelict 22710 | -6/Extension | Rescued a captive Derelict 22753 | -6/Extension | Rescued a captive Derelict 23900 | -6/Extension | Build established: Commander-Golem 24106 | -6/Extension | Disrupted transfer network 24256 | -6/Extension | Spotted B-75 Beast 24268 | -6/Extension | Spotted B-75 Beast 24270 | -6/Extension | Allies destroyed B-75 Beast 24281 | -6/Extension | Destroyed B-75 Beast 24611 | -6/Extension | Discovered new exit (range 16) 24613 | -6/Extension | Discovered exit to Factory (range 15) 24616 | -6/Extension | Build established: Golem 24715 | -6/Extension | Rescued a captive Derelict 24716 | -6/Extension | Rescued a captive Derelict 24800 | -6/Extension | Rescued A7 24859 | -6/Extension | Rescued a captive Derelict 24950 | -6/Extension | Energy Cycler disabled 24955 | -6/Extension | Rescued a captive Derelict 24957 | -6/Extension | Rescued a captive Derelict 25293 | -6/Extension | Entered Cetus 25293 | -6/Cetus | Accompanied by 9 allies (A7) 25298 | -6/Cetus | Acquired a Cetus Manufacturing Module code from A7 25311 | -6/Cetus | Build established: Commander-Golem 25319 | -6/Cetus | Spotted Cetus Guard 25319 | -6/Cetus | Spotted Cetus Guard 25322 | -6/Cetus | Spotted Cetus Guard 25326 | -6/Cetus | Destroyed Cetus Guard 25329 | -6/Cetus | Allies destroyed Cetus Guard 25335 | -6/Cetus | Allies destroyed Cetus Guard 25369 | -6/Cetus | System corruption reached 10% 25393 | -6/Cetus | Cetus Manufacturing Module disabled 25415 | -6/Cetus | Escorted A7 to Cetus Mainframe 25435 | -6/Cetus | Discovered new exit (range 15) 25466 | -6/Cetus | Spotted Cetus Guard 25466 | -6/Cetus | Spotted Cetus Guard 25469 | -6/Cetus | Allies destroyed Cetus Guard 25470 | -6/Cetus | Spotted Cetus Guard 25481 | -6/Cetus | Destroyed Cetus Guard 25481 | -6/Cetus | Spotted Cetus Guard 25486 | -6/Cetus | Destroyed Cetus Guard 25491 | -6/Cetus | Allies destroyed Cetus Guard 25494 | -6/Cetus | Discovered exit to Factory (range 16) 25502 | -6/Cetus | Met Revision 17 25617 | -6/Cetus | Destroyed A7 25618 | -6/Cetus | Extracted ID and sensor layout for unrecognized location from A7's data core 25632 | -6/Cetus | Entered Archives 25632 | -6/Archives | Accompanied by 6 allies 25666 | -6/Archives | Build established: Commander-Mutant 25988 | -6/Archives | Discovered new exit (range 15) 26052 | -6/Archives | Discovered exit to Factory (range 16) 26396 | -6/Archives | Discovered new exit (range 15) 26523 | -6/Archives | Entered Hub_04(d) 26659 | -6/Hub_04(d) | Discovered exit to Factory (range 9) 26803 | -6/Hub_04(d) | Discovered exit to Factory (range 18) 26803 | -6/Hub_04(d) | Discovered exit to Factory (range 17) 26823 | -6/Hub_04(d) | Build established: Mutant 26918 | -6/Hub_04(d) | Discovered exit to Factory (range 6) 27296 | -6/Hub_04(d) | Identified exit to Garrison 27345 | -6/Hub_04(d) | Entered Garrison 27395 | -6/Garrison | Spotted B-75 Beast 27407 | -6/Garrison | Destroyed B-75 Beast 27480 | -6/Garrison | Triggered checkpoint 27647 | -6/Garrison | Triggered checkpoint 27689 | -6/Garrison | Triggered checkpoint 27734 | -6/Garrison | Destroyed 8 combat bots 27738 | -6/Garrison | Triggered checkpoint 27809 | -6/Garrison | Discovered exit to Factory (range 13) 27829 | -6/Garrison | Build established: Golem 28111 | -6/Garrison | Triggered checkpoint 28186 | -6/Garrison | Discovered exit to Factory (range 14) 28316 | -6/Garrison | Triggered checkpoint 28554 | -6/Garrison | Discovered exit to Factory (range 12) 28590 | -6/Garrison | Attempted to access garrison exit controls, blocked by remote lockdown 28716 | -6/Garrison | Entered Factory 28716 | -5/Factory | Evolved 2 slots: Utility x2 28816 | -5/Factory | Identified exit to Upper Caves 29123 | -5/Factory | Build established: Mutant 29358 | -5/Factory | Joined by Warlord Pyro squad 29456 | -5/Factory | Build established: Golem 29542 | -5/Factory | Entered Upper Caves 29548 | -5/Upper Caves | Encountered a Warlord checkpoint 30251 | -5/Upper Caves | Build established: Mutant 30661 | -5/Upper Caves | Discovered new exit (range 5) 31155 | -5/Upper Caves | Attracted the attention of an 0b10 checkpoint 31638 | -5/Upper Caves | Entered another Upper Caves area 31823 | -5/Upper Caves | Discovered new exit (range 8) 31860 | -5/Upper Caves | Attracted the attention of an 0b10 base 31911 | -5/Upper Caves | Learned Research garrison access intel 31911 | -5/Upper Caves | Learned Factory terminal intel 32048 | -5/Upper Caves | Found Alien Artifact 32347 | -5/Upper Caves | Learned location of Armory (-4) 33085 | -5/Upper Caves | Ambushed by wild Derelicts 33448 | -5/Upper Caves | Discovered new exit (range 5) 34091 | -5/Upper Caves | Entered Warlord 34151 | -5/Warlord | Identified Dimensional Node Initializer 34151 | -5/Warlord | Initialized slip node 34231 | -5/Warlord | Build established: Golem 34635 | -5/Warlord | Received a Watcher feed algorithm from an ecstatic Tinkerer 35209 | -5/Warlord | Met Warlord 35234 | -5/Warlord | Warlord's base attacked by MAIN.C 35240 | -5/Warlord | Found Prototype Reactor 35240 | -5/Warlord | Identified Vortex Chain Reactor 35257 | -5/Warlord | Found Prototype Hackware 35551 | -5/Warlord | Build established: Mutant 35584 | -5/Warlord | Warlord forces counterattacked 35608 | -5/Warlord | Spotted Executioner 35611 | -5/Warlord | Destroyed Executioner 35625 | -5/Warlord | Spotted Executioner 35670 | -5/Warlord | Spotted Striker 35670 | -5/Warlord | Spotted Striker 35672 | -5/Warlord | Spotted B-86 Titan 35691 | -5/Warlord | Destroyed B-86 Titan 35708 | -5/Warlord | Spotted B-75 Beast 35780 | -5/Warlord | Spotted Striker 35909 | -5/Warlord | Warlord base infiltrated, sounded retreat 35916 | -5/Warlord | Spotted Striker 36004 | -5/Warlord | Build established: Golem 36043 | -5/Warlord | Discovered new exit (range 12) 36136 | -5/Warlord | Entered Proximity Caves 36462 | -4/Proximity Caves | Attracted the attention of an 0b10 checkpoint 36603 | -4/Proximity Caves | Discovered new exit (range 10) 37164 | -4/Proximity Caves | Entered Factory 37164 | -4/Factory | Evolved 2 slots: Power x1, Utility x1 37165 | -4/Factory | Loaded intel: 25 terminal locations 37414 | -4/Factory | First assault squad dispatched 37458 | -4/Factory | Identified exit to Upper Caves 37458 | -4/Factory | Identified exit to Armory 37467 | -4/Factory | Build established: Generator-Golem 37553 | -4/Factory | Destroyed 8 combat bots 37974 | -4/Factory | Sucked down chute 37974 | -4/Factory | Entered Waste 37975 | -4/Waste | Met a frightened Derelict 38053 | -4/Waste | Build established: Generator-Mutant 38059 | -4/Waste | Destroyed C-40 Crusher 38062 | -4/Waste | Spotted C-40 Crusher 38096 | -4/Waste | Destroyed C-40 Crusher 38107 | -4/Waste | Spotted C-40 Crusher 38110 | -4/Waste | Destroyed C-40 Crusher 38123 | -4/Waste | Spotted C-40 Crusher 38123 | -4/Waste | Spotted C-40 Crusher 38148 | -4/Waste | Destroyed C-40 Crusher 38184 | -4/Waste | Destroyed C-40 Crusher 38187 | -4/Waste | Spotted C-40 Crusher 38263 | -4/Waste | Destroyed C-40 Crusher 38585 | -4/Waste | Discovered new exit (range 12) 38616 | -4/Waste | Found Prototype Device 38654 | -4/Waste | Identified Exp. Weapon Cycler 38668 | -4/Waste | Identified System Mapper 39039 | -4/Waste | Warlord forces began an assault 40404 | -4/Waste | Entered Factory 40404 | -4/Factory | Accompanied by 16 allies 40779 | -4/Factory | Repaired Broken Centrium Heavy Treads 40962 | -4/Factory | Spotted B-86 Titan 40979 | -4/Factory | Destroyed B-86 Titan 41559 | -4/Factory | Garrison activated, responded to threat 42154 | -4/Factory | First assault squad dispatched 42390 | -4/Factory | Entered Upper Caves 42550 | -4/Upper Caves | Attracted the attention of an 0b10 checkpoint 43054 | -4/Upper Caves | Discovered new exit (range 15) 43255 | -4/Upper Caves | Entered another Upper Caves area 43433 | -4/Upper Caves | Discovered new exit (range 5) 43728 | -4/Upper Caves | Attracted the attention of an 0b10 checkpoint 43901 | -4/Upper Caves | Discovered new exit (range 7) 44151 | -4/Upper Caves | Attracted the attention of an 0b10 outpost 44344 | -4/Upper Caves | Entered Zhirov 44344 | -4/Zhirov | Accompanied by 2 allies 44345 | -4/Zhirov | Discovered new exit (range 3) 44388 | -4/Zhirov | Met Zhirov 44431 | -4/Zhirov | Learned location of Testing (-3) 44431 | -4/Zhirov | Learned location of Command (-1) 44455 | -4/Zhirov | Zhirov requested help retrieving the SGEMP Prototype 44491 | -4/Zhirov | Found Alien Artifact 44491 | -4/Zhirov | Identified Integrated Dissipator 44491 | -4/Zhirov | Installed Integrated Dissipator, increased core heat dissipation (+20) 44522 | -4/Zhirov | Found Alien Artifact 45055 | -4/Zhirov | Entered Proximity Caves 45055 | -3/Proximity Caves | Accompanied by 2 allies 45349 | -3/Proximity Caves | Destroyed 9 combat bots 45433 | -3/Proximity Caves | Spotted B-86 Titan 45800 | -3/Proximity Caves | Attracted the attention of an 0b10 checkpoint 46242 | -3/Proximity Caves | Discovered new exit (range 3) 46294 | -3/Proximity Caves | Entered Research 46294 | -3/Research | Evolved 2 slots: Propulsion x2 46295 | -3/Research | Loaded intel: 3 garrison access locations 46707 | -3/Research | Discovered new exit (range 5) 46707 | -3/Research | Discovered new exit (range 5) 46773 | -3/Research | Identified exit to Testing 46787 | -3/Research | Entered Testing 46954 | -3/Testing | Spotted PL-NA22KF7YUG 47044 | -3/Testing | Destroyed PL-NA22KF7YUG 47682 | -3/Testing | Found Prototype Energy Cannon 47690 | -3/Testing | Identified Cld. Nova Cannon 47794 | -3/Testing | Discovered new exit (range 10) 47962 | -3/Testing | Found Fusion Bomb Launcher 48216 | -3/Testing | Scanned by Researcher 48224 | -3/Testing | Found Prototype Launcher 48683 | -3/Testing | System corruption reached 10% 48763 | -3/Testing | Identified exit to Research 48965 | -3/Testing | Entered Research 48965 | -2/Research | Warlord forces began assault on 0b10 48965 | -2/Research | Evolved 2 slots: Utility x1, Weapon x1 48990 | -2/Research | Distinguished unit "Metalheads" dispatched to help 48990 | -2/Research | Distinguished unit "Shockpunchers" dispatched to help 49024 | -2/Research | Found Quantum Capacitor 49075 | -2/Research | Research machine network offline 49350 | -2/Research | Met up with Warlord 49560 | -2/Research | Borebot progress halted 49636 | -2/Research | Spotted Executioner 49639 | -2/Research | Borebot progress halted 49667 | -2/Research | Spotted Striker 49667 | -2/Research | Spotted Striker 49734 | -2/Research | Spotted Executioner 49735 | -2/Research | Spotted Striker 49740 | -2/Research | Destroyed Striker 49743 | -2/Research | Destroyed Executioner 49807 | -2/Research | Discovered new exit (range 8) 49817 | -2/Research | Identified exit to Access 50255 | -2/Research | Discovered exit to Access (range 2) 50530 | -2/Research | Discovered exit to Access (range 15) 50582 | -2/Research | Spotted Striker 50585 | -2/Research | Spotted Executioner 50591 | -2/Research | Destroyed Striker 50602 | -2/Research | Destroyed Executioner 50663 | -2/Research | Spotted JK-AZA(g) 50781 | -2/Research | P-80 Master assimilated allied W6-2MI(B) 51108 | -2/Research | Spotted Executioner 51317 | -2/Research | Discovered new exit (range 7) 51324 | -2/Research | Identified exit to Quarantine 51368 | -2/Research | Entered Quarantine 51697 | -2/Quarantine | Found Alien Artifact 51697 | -2/Quarantine | Identified Core Reset Matrix 51697 | -2/Quarantine | Identified Transdimensional Reconstructor 51697 | -2/Quarantine | Used Core Reset Matrix 51701 | -2/Quarantine | Detected hypermatrix surge 51701 | -2/Quarantine | Sensed 15 artifacts in vicinity 51745 | -2/Quarantine | Spotted Alpha 7 51774 | -2/Quarantine | Destroyed Alpha 7 51913 | -2/Quarantine | First assault squad dispatched 52057 | -2/Quarantine | Destroyed 7 combat bots 52062 | -2/Quarantine | Found Sigix Broadsword 52177 | -2/Quarantine | Warped through subspace 52177 | -2/Quarantine | Discovered exit to Access (range 7) 52197 | -2/Quarantine | Found Dimensional Node Initializer 52197 | -2/Quarantine | Initialized slip node 52207 | -2/Quarantine | Found Hpw. Transdimensional Reconstructor 52272 | -2/Quarantine | Found Phase Armor 52393 | -2/Quarantine | Identified Z-bomb Delivery System 52577 | -2/Quarantine | Found Core Stripper 52719 | -2/Quarantine | Spotted Fortress 52725 | -2/Quarantine | Destroyed Fortress 52739 | -2/Quarantine | Found Prototype Device 52739 | -2/Quarantine | Identified Thermal Barrier 52742 | -2/Quarantine | Found Prototype Device 52742 | -2/Quarantine | Identified Exp. Force Field 52748 | -2/Quarantine | Found Prototype Reactor 52749 | -2/Quarantine | Identified Vortex Chain Reactor 52753 | -2/Quarantine | Found Prototype Device 52758 | -2/Quarantine | Identified Exp. EM Disruption Field 52855 | -2/Quarantine | Discovered new exit (range 5) 52861 | -2/Quarantine | Entered Section 7 52862 | -2/Section 7 | Sensed 19 artifacts in vicinity 53108 | -2/Section 7 | Spotted S7 Guard 53111 | -2/Section 7 | First assault squad dispatched 53121 | -2/Section 7 | Destroyed S7 Guard 53130 | -2/Section 7 | Found Prototype Protection 53130 | -2/Section 7 | Identified Hvy. Regenerative Plating 53147 | -2/Section 7 | Found Core Membrane 53147 | -2/Section 7 | Installed Core Membrane, gained immunity to corruption 53303 | -2/Section 7 | Found Microwarp Drive 53481 | -2/Section 7 | Spotted B-90 Cyclops 53626 | -2/Section 7 | Found Integrity Redistributor 53634 | -2/Section 7 | Spotted Alpha 7 53636 | -2/Section 7 | Spotted Alpha 7 53717 | -2/Section 7 | Entered Access 53717 | -1/Access | Evolved 2 slots: Power x1, Utility x1 54010 | -1/Access | Identified exit to Garrison 54010 | -1/Access | Entered Garrison 54044 | -1/Garrison | Triggered checkpoint 54179 | -1/Garrison | Spotted B-99 Colossus 54182 | -1/Garrison | Triggered checkpoint 54209 | -1/Garrison | Destroyed 16 combat bots 54219 | -1/Garrison | Destroyed B-99 Colossus 54556 | -1/Garrison | Triggered checkpoint 54603 | -1/Garrison | Destroyed 8 combat bots 54631 | -1/Garrison | Discovered new exit (range 9) 54647 | -1/Garrison | Discovered new exit (range 6) 54647 | -1/Garrison | Discovered new exit (range 59) 54647 | -1/Garrison | Discovered new exit (range 78) 54887 | -1/Garrison | Triggered checkpoint 54992 | -1/Garrison | Spotted B-90 Cyclops 55078 | -1/Garrison | Destroyed B-90 Cyclops 55089 | -1/Garrison | Spotted B-75 Beast 55107 | -1/Garrison | Found Quantum Capacitor 55132 | -1/Garrison | Destroyed B-75 Beast 55145 | -1/Garrison | Found Quantum Capacitor 55172 | -1/Garrison | Rewired B-90 Cyclops 55254 | -1/Garrison | Entered Access 55254 | -1/Access | Accompanied by 1 ally 55504 | -1/Access | First assault squad dispatched 55530 | -1/Access | Spotted B-99 Colossus 55535 | -1/Access | High security lockdown imminent 55535 | -1/Access | Allies destroyed B-99 Colossus 55542 | -1/Access | Destroyed 9 combat bots 55615 | -1/Access | High security lockdown engaged 55732 | -1/Access | Spotted Executioner 55751 | -1/Access | Destroyed Investigator 55778 | -1/Access | Spotted Striker 55778 | -1/Access | Spotted Striker 55780 | -1/Access | Destroyed Striker 55780 | -1/Access | Destroyed Striker 55813 | -1/Access | Destroyed 38 combat bots 55903 | -1/Access | Destroyed 11 combat bots 55920 | -1/Access | Used Integrity Redistributor, redistributed integrity from core (-358) 55937 | -1/Access | Spotted Striker 55944 | -1/Access | Destroyed Striker 55993 | -1/Access | Destroyed Executioner 55993 | -1/Access | Spotted Striker 55997 | -1/Access | Destroyed Striker 56018 | -1/Access | Destroyed 25 combat bots 56089 | -1/Access | Discovered new exit (range 6) 56102 | -1/Access | Entered Command 56198 | -1/Command | Disengaged cave seal 56198 | -1/Command | Derelicts emerged from the dark tunnel 56198 | -1/Command | Welcomed Warlord to Command 56276 | -1/Command | High security lockdown imminent 56345 | -1/Command | Derelicts emerged from the dark tunnel 56356 | -1/Command | High security lockdown engaged 56469 | -1/Command | Derelicts emerged from the dark tunnel 56593 | -1/Command | Build established: Alien-Mutant 56910 | -1/Command | Spotted Executioner 56910 | -1/Command | Spotted Striker 56910 | -1/Command | Spotted Striker 56912 | -1/Command | Spotted Executioner 56912 | -1/Command | Destroyed Striker 56914 | -1/Command | Destroyed Executioner 56920 | -1/Command | Spotted Executioner 56923 | -1/Command | Destroyed Executioner 56960 | -1/Command | Phase Generator disabled 56966 | -1/Command | Destroyed 17 combat bots 57021 | -1/Command | Build established: Generator-Mutant 57149 | -1/Command | Spotted Striker 57151 | -1/Command | Spotted Executioner 57151 | -1/Command | Spotted Executioner 57151 | -1/Command | Destroyed Executioner 57153 | -1/Command | Destroyed Striker 57163 | -1/Command | Spotted Striker 57169 | -1/Command | Destroyed Striker 57172 | -1/Command | Spotted Executioner 57174 | -1/Command | Destroyed Executioner 57218 | -1/Command | Destroyed 28 combat bots 57463 | -1/Command | Warlord destroyed during the assault 57463 | -1/Command | Destroyed Warlord 57465 | -1/Command | Spotted Striker 57465 | -1/Command | Spotted Executioner 57466 | -1/Command | P-80 Master assimilated allied ML-U91(L) 57466 | -1/Command | Spotted ML-U91(L) 57471 | -1/Command | Destroyed Striker 57475 | -1/Command | Destroyed Executioner 57513 | -1/Command | Destroyed 12 combat bots 57935 | -1/Command | Destroyed ML-U91(L) 58669 | -1/Command | Found Prototype Device 58669 | -1/Command | Identified Exp. ECM Suite 58897 | -1/Command | Spotted B-99 Colossus 58935 | -1/Command | Destroyed B-99 Colossus 60962 | -1/Command | Spotted Combat Programmer 60963 | -1/Command | Spotted Combat Programmer 60967 | -1/Command | Destroyed Combat Programmer 60978 | -1/Command | Destroyed Combat Programmer 60987 | -1/Command | Spotted M Guard 60992 | -1/Command | Spotted M Guard 60999 | -1/Command | Destroyed M Guard 61033 | -1/Command | Destroyed M Guard 61033 | -1/Command | All MAIN.C guards destroyed 61044 | -1/Command | Found Corrupted Prototype Reactor 61060 | -1/Command | Found Corrupted Prototype Device 61060 | -1/Command | Identified AEGIS Remote Shield 61062 | -1/Command | Identified Zero-point Reactor 61072 | -1/Command | Found Corrupted Prototype Device 61072 | -1/Command | Identified Thermal Barrier 61082 | -1/Command | Found Corrupted Zero-point Reactor 61108 | -1/Command | Found Corrupted AEGIS Remote Shield 61124 | -1/Command | Found Corrupted Zero-point Reactor 61791 | -1/Command | Met MAIN.C 61794 | -1/Command | 0b10 Conduit disabled 61926 | -1/Command | Destroyed MAIN.C Shell 61927 | -1/Command | MAIN.C activated Command garrisons 61973 | -1/Command | Destroyed MAIN.C 61991 | -1/Command | Discovered new exit (range 45) 61991 | -1/Command | Discovered new exit (range 93) 61991 | -1/Command | Extracted map data and part IDs from MAIN.C's data core 62012 | -1/Command | Found Singularity Reactor 63113 | -1/Command | Found Zero-point Reactor 63116 | -1/Command | Found Vortex Chain Reactor 63218 | -1/Command | Found Exp. Phase Shifter 63391 | -1/Command | Build established: Generator-Gunner 64028 | -1/Command | Found Centrium Heavy Armor Plating 64170 | -1/Command | Found Corrupted Exp. Core Analyzer 64332 | -1/Command | Found Exp. Targeting Computer 64336 | -1/Command | Found Exp. Core Analyzer 64381 | -1/Command | Found Corrupted Exp. Targeting Computer 65423 | -1/Command | Warped through subspace to slip node 65423 | -1/Command | Discovered new exit (range 4) 65424 | -1/Command | Core integrity fell below 50% 65430 | -1/Command | Entered Access_0 65431 | -1/Access_0 | Architect warped through subspace 65431 | -1/Access_0 | Sensed 3 artifacts in vicinity 65450 | -1/Access_0 | Destroyed A8 65488 | -1/Access_0 | Architect warped through subspace 65523 | -1/Access_0 | Architect warped through subspace 65555 | -1/Access_0 | Architect warped through subspace 65579 | -1/Access_0 | Architect warped through subspace 65606 | -1/Access_0 | Architect warped through subspace 65623 | -1/Access_0 | Architect warped through subspace 65646 | -1/Access_0 | Architect warped through subspace 65669 | -1/Access_0 | Architect warped through subspace 65709 | -1/Access_0 | Architect warped through subspace 65734 | -1/Access_0 | Architect warped through subspace 65752 | -1/Access_0 | Architect warped through subspace 65771 | -1/Access_0 | Architect warped through subspace 65778 | -1/Access_0 | Build established: Scavenger-Gunner 65800 | -1/Access_0 | Architect warped through subspace 65811 | -1/Access_0 | A6 warped into view 65818 | -1/Access_0 | Destroyed A6 65826 | -1/Access_0 | Architect warped through subspace 65849 | -1/Access_0 | Architect warped through subspace 65916 | -1/Access_0 | Architect warped through subspace 65953 | -1/Access_0 | Architect warped through subspace 65982 | -1/Access_0 | Architect warped through subspace 66023 | -1/Access_0 | Architect warped through subspace 66035 | -1/Access_0 | Found Exp. Core Analyzer 66039 | -1/Access_0 | Found Exp. Core Analyzer 66055 | -1/Access_0 | Architect warped through subspace 66082 | -1/Access_0 | Architect warped through subspace 66109 | -1/Access_0 | Architect warped through subspace 66119 | -1/Access_0 | Subspace Access Node disabled 66138 | -1/Access_0 | Architect warped through subspace 66150 | -1/Access_0 | A5 warped into view 66162 | -1/Access_0 | Destroyed A5 66170 | -1/Access_0 | Architect warped through subspace 66189 | -1/Access_0 | Architect warped through subspace 66208 | -1/Access_0 | Architect warped through subspace 66227 | -1/Access_0 | Architect warped through subspace 66245 | -1/Access_0 | Architect warped through subspace 66264 | -1/Access_0 | Architect warped through subspace 66308 | -1/Access_0 | Subspace Access Node disabled 66314 | -1/Access_0 | Core integrity fell below 20% 66316 | -1/Access_0 | Architect warped through subspace 66317 | -1/Access_0 | Lost 4 parts (1p1n2u) 66332 | -1/Access_0 | Architect warped through subspace 66355 | -1/Access_0 | Architect warped through subspace 66373 | -1/Access_0 | Architect warped through subspace 66391 | -1/Access_0 | Architect warped through subspace 66408 | -1/Access_0 | Architect warped through subspace 66421 | -1/Access_0 | Architect warped through subspace 66438 | -1/Access_0 | Destroyed by Architect with Modified Sigix Sheargun Last Messages --------------- Architect warps through subspace. 66410_ Penetrated by Quantum Shear. 66416_ Quantum Shear penetrates Wall. 66418_ Penetrated by Quantum Shear. Architect warps through subspace. 66423_ Quantum Shear penetrates Wall. 66425_ Penetrated by Quantum Shear. 66428_ Hdn. Centrium Heavy Treads destroyed. 66428_ Penetrated by Quantum Shear. 66430_ Quantum Shear penetrates Wall. 66430_ Zero-point Reactor destroyed. 66430_ Penetrated by Quantum Shear. 66431_ HV Slug penetrates Wall. 66431_ HV Slug penetrates Earth. 66431_ HV Slug penetrates Wall. 66431_ Enhanced Hunter destroyed. 66432_ The unstable cave ceiling collapses. 66433_ Penetrated by Quantum Shear. 66436_ Quantum Shear penetrates Wall. 66438_ Penetrated by Quantum Shear. Map ----- +----------------------------------------------------+ | ?????????????????????????????????????????????????? | | ?????????????????????????????????????????????????? | | ?????????????????????????????????????????????????? | | ?????????????????????????????????????????????????? | | ?????????????????????????????????????????????????? | | ?????????????????????????????????????????????????? | | ?????????????????????????????????????????????????? | | ?????????????????????????????????????????????????? | | ?????????????????????????????????????????????????? | | ?????????????????????????????????????????????????? | | ?????????????????????????????????????????????????? | | ?????????????????????????????????????????????????? | | ?????????????????????????????????????????????????? | | ????????????????????# ???????????????????????????? | | ????????????????????# ???????????????????????????? | | ????????????????????# ???????????????????????????? | | ???????????????????## ??????????????????????????? | | ???????????????????? ??????????????????????????? | | ????????????????????# ??????????????????????????? | | ????????????????????# #######???????????????????? | | ????????????????????? ????????????????????? | | ?????????????????????? ????????????????????? | | ??????????????????????# ##???????????????????? | | ???????????????#??????# 0##???????????????????? | | ???????????????# ????# #???????????????????? | | ????????????????# ####;@ #?????????????????????? | | ????????? ??# ; #?????????????????????? | | ????????? "# #?????????????????????? | | ???????? ;; #???????####??????????? | | ????????? ;## #???????# ####???????? | | ?????????? ###; ;" ;#???????# ""##??????? | | ????????????????##; ;;????????# ""#####??? | | ?????????????????## #???????## #??? | | ?????????????????# ###???### #??? | | ?????????????????# ;;; "###?# #???? | | ?????????????????# ##;; ;; ""#### ##??? | | ?????????????????##?### #;; " #"" "#### | | ?????????????????????? ##; "" "" " | | ?????????????????????? ?#; """""" | | ?????????????????????? #??# | | ?????????????????????#"???##"" "" #" | | ?????????????????????# ????### "#"" """ ## | | ????????????????????? ????? ""###"##"""### # | | ????????????????????????? "#??##???##?#### | | ????????????????????????# ## #?????????????? | | ????????????????????????## #?## "#????????????? | | ?????????????????????????####????# # ????????????? | | ?????????????????????????????????? ###???????????? | | ?????????????????????????????????? #?????????????? | | ?????????????????????????????????? #?????????????? | +----------------------------------------------------+ Best States ------------- Heat Dissipation 181 Energy Generation 111 Energy Capacity 2580 Matter Stores 300 Matter Capacity 300 Sight Range 20 Robot Scan Range 20 Terrain Scan Density 10 ECM Strength 3 Jamming Range 16 Additional Mass Support 20 EM Shielding 4 Armor Coverage 1400 Resistance: KI 30 Resistance: TH 50 Resistance: EX 15 Resistance: EM 75 Resistance: I 15 Resistance: S 15 Resistance: P 15 Core Shielding 30 Weapon Shielding 100 Point Defense Rating 80 Weapon Cycling 30 Phase Shifting 20 Evasion (%) 60 Targeting Accuracy 32 Target Analysis 6 Core Analysis 12 Armor Integrity Analysis 40 Recoil Reduction 6 Matter Filtering 50 Particle Charging 37 Offensive Hacking 20 Defensive Hacking 10 Item Schematics ----------------- None Robot Schematics ------------------ None Fabricated ------------ Quantum Capacitor | x2 | -7/Factory | Preloaded Alien Tech Used ----------------- Dimensional Node Initializer Integrated Dissipator Core Reset Matrix Sigix Broadsword Transdimensional Reconstructor Phase Armor Core Stripper Core Membrane Microwarp Drive Integrity Redistributor High-powered Transdimensional Reconstructor Achievements -------------- None Challenges ------------ None Game ------ Seed NovaLatentCompactor Manual? 0 Play Time 15:29:38 Cumulative 1263.5 hours Start 2022.07.27 @ 21:27:24 End 2022.07.31 @ 01:52:38 Sessions 7 Manual Loads 0 Difficulty Rogue Special Mode None Game No. 385 Rogue 385 Adventurer 0 Explorer 0 Win Type - Total 71 Types 13/18/13/3/1/2/18/2/1 Lore% 97 Gallery% 96 Achievement% 88 Wizard Run 0 Options --------- ASCII 0 Keyboard 0 Movement Numpad Keybinds 0 Fullscreen 2 Font 24/Smallcaps Map View 76x50 Tactical HUD 1 Map Filters NONE Filters NONE Steam 1 RUN: 167d7bf9-d622-4bd9-837f-6d638347582b